 Dungeon Crawl Stone Soup version 0.29.0-4-gdea44cf6ec (webtiles) character file.

Game seed: 9135662023640937167

334940 qw the Slayer (level 20, -2/206 HPs)
             Began as a Minotaur Berserker on Sept 10, 2022.
             Was an Elder of Trog.
             Slain by a lich (6 damage)
             ... on level 2 of the Depths.
             The game lasted 00:18:51 (49174 turns).

qw the Slayer (Minotaur Berserker)                 Turns: 49174, Time: 00:18:52

Health: -2/206     AC: 38    Str: 38    XL:     20   Next: 95%
Magic:  0/19       EV: 17    Int:  6    God:    Trog [****..]
Gold:   938        SH: 26    Dex: 11    Spells: 19/19 levels left

rFire   + . .      SeeInvis .   s - +9 broad axe (flame)
rCold   + + +      Faith    .   i - +0 tower shield {rC+}
rNeg    . . .      Spirit   .   r - +4 storm dragon scales {Bai Suzhen}
rPois   .          Reflect  +   (helmet restricted)
rElec   +          Harm     .   q - +1 cloak of Starlight {*Dazzle EV+4 Stlth--}
rCorr   .          Rampage  .   c - +2 pair of gloves
Will    +++..                   g - +2 pair of boots
Stlth   ..........              f - amulet "Zeriz" {Reflect Str+2 SH+5}
HPRegen 1.44/turn               C - ring "Midalos" {rF+ Str+3 Int+6}
MPRegen 0.16/turn               x - ring "Kujixuh" {+Blink rC+ AC+4 Int-3 Stlth+}

@: lethally poisoned (-2 -> -3), about to teleport, strong-willed, on berserk
cooldown, regenerating, slowed, very slow
A: horns 2, retaliatory headbutt, cold resistance 1, deterioration 1, strong 1
}: 2/15 runes: serpentine, barnacled
a: Renounce Religion, Evoke Blink, Berserk, Trog's Hand, Brothers in Arms


You were on level 2 of the Depths.
You worshipped Trog.
Trog was greatly pleased with you.
You visited 7 branches of the dungeon, and saw 36 of its levels.
You visited the Abyss 1 time.
You visited 1 bazaar.
You also visited: Desolation.

You collected 3707 gold pieces.
You spent 2769 gold pieces at shops.


Innate Abilities, Weirdness & Mutations

You have a pair of horns on your head.
You reflexively headbutt those who attack you in melee.
Your flesh is cold resistant. (rC+)
Your body sometimes deteriorates upon taking damage.
Your muscles are strong. (Str +4, Int/Dex -1)


   Skills:
 - Level 24.0 Fighting
 - Level 18.0 Axes
 - Level 11.0 Throwing
 + Level 21.6 Armour
 - Level 12.0 Dodging
 - Level 22.0 Shields


You had 19 spell levels left.
You didn't know any spells.
Your spell library was empty.

Inventory:

Hand Weapons
 s - a +9 broad axe of flaming (weapon)
Missiles
 n - 30 boomerangs (quivered)
 p - a boomerang of dispersal
Armour
 c - a +2 pair of gloves (worn)
 g - a +2 pair of boots (worn)
 i - a +0 tower shield of cold resistance (worn)
 q - the +1 cloak of Starlight (worn) {*Dazzle EV+4 Stlth--}
   (You acquired it on level 3 of the Lair of Beasts)

   It may blind those who miss an attack against the wearer in melee combat.
   EV:        It affects your evasion (+4).
   Stlth:     It makes you much less stealthy.
 r - +4 storm dragon scales (worn) {Bai Suzhen}
 w - a +4 chain mail of fire resistance
Jewellery
 b - the ring of Etsauczu {rF+ rC+ MP+9}
   (You acquired it on level 4 of the Vaults)

   [ring of protection from cold]

   rF:        It protects you from fire.
   rC:        It protects you from cold.
   MP:        It affects your magic capacity (+9).
 f - the amulet "Zeriz" (around neck) {Reflect Str+2 SH+5}
   (You acquired it on level 3 of the Vaults)

   [amulet of reflection]

   It reflects blocked missile attacks.
   Str:       It affects your strength (+2).
   SH:        It affects your SH (+5).
 x - the ring "Kujixuh" (right hand) {+Blink rC+ AC+4 Int-3 Stlth+}
   (You found it in the Desolation of Salt)

   [ring of protection]

   AC:        It affects your AC (+4).
   Int:       It affects your intelligence (-3).
   rC:        It protects you from cold.
   +Blink:    It lets you blink.
   Stlth:     It makes you more stealthy.
 C - the ring "Midalos" (left hand) {rF+ Str+3 Int+6}
   (You acquired it on level 2 of the Vaults)

   [ring of intelligence]

   Str:       It affects your strength (+3).
   Int:       It affects your intelligence (+6).
   rF:        It protects you from fire.
 Y - a +4 ring of evasion
Scrolls
 a - 20 scrolls of identify
 h - 5 scrolls of teleportation
Potions
 d - 16 potions of curing
 e - 5 potions of might
 j - 5 potions of heal wounds
 l - 4 potions of resistance
 t - 10 potions of mutation
 u - 4 potions of cancellation

Dungeon Overview and Level Annotations

Branches:
Dungeon (15/15)            Temple (0/1) D:6            Lair (5/5) D:9
 Shoals (4/4) Lair:3        Snake (4/4) Lair:3        Slime (0/5) Lair:5
    Orc (2/2) D:12            Elf (0/3) Orc:2        Vaults (4/5) D:14
  Crypt (0/3) Vaults:2     Depths (2/4) D:15        Desolation (visited)

Altars:
Cheibriados
Dithmenos
Elyvilon
Fedhas
Gozag
Nemelex Xobeh
Qazlal
Ru
Trog
Uskayaw
Vehumet
Yredelemnul
The Shining One

Shops:
D:5 (   D:7 (   D:11 **!=   Orc:2 *?:   Shoals:1 :   Snake:3 (((   Vaults:3 *

Portals:
Hell: Depths:1

Annotations:
D:10 1 runed translucent door
Lair:1 3 runed translucent doors, qw's ghost, journeyman MiBe


Message History

You furiously retaliate!
You headbutt the spriggan berserker, but do no damage.
The tengu warrior closely misses you. The tengu warrior barely misses you.
You block the tengu warrior's attack. The tengu warrior misses you.
You miss the spriggan berserker.
The spriggan berserker is severely wounded.
You hit the lich. You burn the lich. The tengu warrior blocks your attack.
You feel very sick. The lich misses you. You furiously retaliate!
You headbutt the lich!
The spriggan berserker hits you but does no damage.
The tengu warrior hits you but does no damage.
You are more poisoned.
The tengu warrior completely misses you.
The tengu warrior pecks you but does no damage.
You block the tengu warrior's attack.
The green very ugly thing gurgles horribly!
You slash the spriggan berserker! You burn the spriggan berserker.
Your headbutt misses the spriggan berserker.
The spriggan berserker is almost dead.
You slice the tengu warrior!! You burn the tengu warrior! You slice the lich!!
You burn the lich.
You feel very sick.
The lich launches a ball of destructive magic.
The wavering orb of destruction weakly hits you!
The spriggan berserker prays to Trog.
The spriggan berserker goes berserk!
The tengu warrior hits you but does no damage.
The tengu warrior completely misses you.
The tengu warrior claws you but does no damage.
49174 ||| READING 6 scrolls of teleportation.
As you read the scroll of teleportation, it crumbles to dust.
You feel strangely unstable.
You feel very sick. The spriggan berserker misses you.
The spriggan berserker is blinded by the light from your cloak!
The lich touches you!
The spriggan berserker hits you with a +1 antimagic flail!!!
You feel your power leaking away.
You block the tengu warrior's attack. x3; The lich touches you.
You die...

#..####(..##
¤.. #.
#¤[...#^¤(.
# #)%...'.[
#........
##...##..
#..Q#### #
####i..##
#.Qu..#
#..@L.#
#....)#
##...#.#
##### #


You could see a green very ugly thing, a lich, 2 tengu warriors and a spriggan
berserker (berserk, blind).

Vanquished Creatures
  Mennas (Vaults:3)
  Sojobo (Vaults:2)
  Bai Suzhen (Vaults:2)
  Vashnia (Snake:4)
  Frederick (Vaults:2)
  A lich (Vaults:4)
  Frances (D:13)
  An ancient champion (Vaults:2)
  A kraken (Shoals:2)
  Polyphemus (Shoals:2)
  4 sphinxes
  A storm dragon (Shoals:4)
  4 tengu reavers
  Kirke (Lair:5)
  3 fire giants
  2 frost giants
  9 vault wardens
  14 nagarajas
  A ghoul (Vaults:2)
  2 imperial myrmidons (Desolation)
  3 orc warlords
  A curse skull (Vaults:2)
  11 ironbound preservers
  A caustic shrike zombie (D:15)
  4 stone giants
  6 ironbound thunderhulks
  8 very ugly things
  A vampire knight (Vaults:2)
  2 halazid warlocks (Desolation)
  2 entropy weavers
  8 dire elephants (Vaults:2)
  3 merfolk javelineers
  2 spark wasps (Depths:1)
  Snorg (D:10)
  3 ettins (Depths:1)
  13 merfolk impalers
  5 ragged hierophants (Desolation)
  3 crystal guardians
  2 yaktaur captains
  4 great orbs of eyes
  8 vault guards
  6 servants of whispers (Desolation)
  7 boulder beetles
  3 salamander tyrants
  3 ogre magi (Orc:2)
  A catoblepas (Shoals:2)
  4 ice dragons
  19 centaur warriors
  A spriggan air mage (Depths:2)
  5 ironbound frosthearts
  An alligator snapping turtle (Shoals:4)
  7 anacondas
  11 peacekeepers
  3 merfolk aquamancers (Shoals:4)
  7 hydras
  A merfolk avatar (Shoals:4)
  15 two-headed ogres
  2 satyrs
  6 death yaks
  2 deep troll shamans (Depths:2)
  Erica (D:8)
  12 naga warriors
  6 tengu warriors
  2 deep troll earth magi (Depths:2)
  22 naga sharpshooters
  2 orc high priests (Orc:1)
  Urug (D:12)
  2 shock serpents (Snake:4)
  5 spriggan berserkers
  An iron troll (Depths:2)
  A goliath frog (Lair:5)
  21 deep trolls
  A skeletal warrior (D:15)
  2 salamander mystics
  3 glowing orange brains
  2 flayed ghosts
  12 sea snakes
  An entropy weaver zombie (Vaults:3)
  8 ironbound convokers
  5 lindwurms
  5 naga ritualists
  18 harpies
  4 wizards
  3 orc knights
  12 fauns
  4 necromancers
  An orc sorcerer (Orc:2)
  2 deep elf pyromancers
  A fire giant zombie (D:15)
  10 mana vipers
  An oklob plant (Lair:1)
  33 ugly things
  11 cyclopes
  A stone giant zombie (Vaults:3)
  16 salamanders
  14 manticores
  2 stone giant skeletons
  13 naga magi
  11 guardian serpents
  34 black mambas
  Joseph (D:7)
  7 merfolk sirens
  Maurice (D:8)
  7 water nymphs
  A molten gargoyle (Desolation)
  19 cane toads
  A frost giant skeleton (D:15)
  3 gargoyles
  A torpor snail (shapeshifter) (Vaults:2)
  An elf skeleton (Vaults:3)
  9 vault sentinels
  Maggie (D:6)
  An efreet (D:13)
  7 komodo dragons
  An unseen horror (D:12)
  3 rime drakes
  A freezing wraith (D:15)
  22 yaktaurs
  4 tengu conjurers
  A guardian mummy (D:15)
  4 trolls
  24 merfolk
  5 polar bears
  A tengu simulacrum (Vaults:1)
  3 tyrant leeches (Lair:5)
  3 hornets
  14 snapping turtles
  A tarantella (Vaults:1)
  16 wind drakes
  24 blink frogs
  3 dream sheep (Shoals:3)
  2 ettin zombies
  10 slime creatures
  57 saltlings (Desolation)
  An elf zombie (Vaults:1)
  Sigmund (D:6)
  A centaur simulacrum (D:14)
  5 air elementals (Shoals:4)
  2 vampires
  2 shadows
  A culicivora (Vaults:2)
  17 yaks
  3 spriggans
  11 water elementals
  3 hogs (Lair:5)
  A human (shapeshifter) (D:14)
  A redback (Vaults:2)
  10 vampire mosquitoes
  A human simulacrum (Vaults:3)
  10 wargs
  A yaktaur simulacrum (Vaults:3)
  34 nagas
  An acid dragon (D:11)
  12 water moccasins
  An ice beast (D:8)
  2 black bears
  25 orc warriors
  28 ogres
  6 boggarts
  13 centaurs
  3 kobold brigands
  3 phantoms
  4 human zombies
  3 scorpions
  14 bullfrogs
  3 necrophages
  3 wights (D:6)
  9 killer bees (D:9)
  8 howler monkeys
  3 electric eels
  A crimson imp (D:12)
  A hound (D:7)
  21 orc priests
  3 jellies
  3 gnoll boudas
  Natasha (thrice) (D:4)
  Ijyb (D:4)
  13 orc wizards
  7 iguanas
  A boggart simulacrum (D:13)
  17 gnolls
  10 adders
  2 white imps
  An ufetubus (D:5)
  2 worms (D:2)
  7 dart slugs
  79 orcs
  6 ball pythons
  4 bats
  11 endoplasms
  9 goblins
  5 hobgoblins
  10 quokkas
  6 frilled lizards
  20 kobolds
  5 rats
  5 tentacles (Shoals:2)
1310 creatures vanquished.

Vanquished Creatures (collateral kills)
  An ettin (Depths:1)
  2 merfolk javelineers (Shoals:4)
  A peacekeeper (Desolation)
  A hydra (Lair:5)
  A merfolk avatar (Shoals:1)
  An ogre mage (Orc:2)
  A two-headed ogre (Orc:2)
  A glowing orange brain (Depths:1)
  A harpy (Shoals:3)
  A manticore (Shoals:4)
  2 fauns (Shoals:2)
  A komodo dragon (shapeshifter) (D:14)
  An efreet (D:14)
  5 merfolk
  2 saltlings (Desolation)
  A blink frog (Lair:5)
  2 snapping turtles
  A water elemental (Shoals:4)
  A floating eye (Depths:1)
  An ogre (Orc:2)
  A plant (Shoals:2)
29 creatures vanquished.

Vanquished Creatures (others)
  A merfolk (Shoals:4)
  22 fungi
  157 plants
  6 tentacles (Shoals:2)
  8 withered plants (D:15)
194 creatures vanquished.

Grand Total: 1533 creatures vanquished

Notes
Turn   | Place    | Note
-------+----------+-------------------------------------------
     0 | D:1      | qw the Minotaur Berserker began the quest for the Orb.
     0 | D:1      | Reached XP level 1. HP: 19/19 MP: 0/0
     0 | D:1      | 0 ||| qw: Version: 0.1-a-113-g051387a
     0 | D:1      | 0 ||| qw: Game counter: 7374
     0 | D:1      | 0 ||| qw: Always use a shield: true
     0 | D:1      | 0 ||| qw: Do Orc after D:15 true
     0 | D:1      | 0 ||| qw: Do second Lair branch before Depths: true
     0 | D:1      | 0 ||| qw: Lair rune preference: random
     0 | D:1      | 0 ||| qw: Plans: Normal
     0 | D:1      | 0 ||| PLANNING D:1-11
   227 | D:1      | Reached XP level 2. HP: 25/26 MP: 1/1
   387 | D:1      | 387 ||| Stepping ~*~*~tactically~*~*~ (stealth).
   504 | D:1      | Reached ** piety under Trog
   556 | D:1      | 556 ||| Stepping ~*~*~tactically~*~*~ (hiding).
   635 | D:1      | 635 ||| Stepping ~*~*~tactically~*~*~ (hiding).
   737 | D:1      | 737 ||| Stepping ~*~*~tactically~*~*~ (hiding).
   739 | D:1      | 739 ||| Stepping ~*~*~tactically~*~*~ (hiding).
   925 | D:1      | Reached XP level 3. HP: 31/31 MP: 2/2
   925 | D:1      | Found a faded altar of an unknown god.
  1191 | D:1      | 1191 ||| UPGRADING to +0 scale mail.
  1201 | D:1      | 1201 ||| DROPPING +0 animal skin.
  1202 | D:1      | 1202 ||| UPGRADING to +0 chain mail.
  1212 | D:1      | 1212 ||| DROPPING +0 scale mail.
  1213 | D:1      | 1213 ||| DROPPING amulet of faith.
  1214 | D:1      | 1214 ||| READING 2 scrolls labelled OSHROU SEAME.
  1215 | D:1      | 1215 ||| READING scroll labelled WUJEXU ETIOTUS.
  1216 | D:1      | 1216 ||| READING scroll labelled XOLEAK LYPRI.
  1217 | D:1      | 1217 ||| READING scroll labelled OSUMUOFEORCH.
  1221 | D:1      | 1221 ||| READING scroll labelled RURECI ETYX.
  1424 | D:2      | 1424 ||| Stepping ~*~*~tactically~*~*~ (stealth).
  1425 | D:2      | 1425 ||| Stepping ~*~*~tactically~*~*~ (stealth).
  1437 | D:2      | 1437 ||| Stepping ~*~*~tactically~*~*~ (stealth).
  1444 | D:2      | 1444 ||| Stepping ~*~*~tactically~*~*~ (stealth).
  1446 | D:2      | 1446 ||| Stepping ~*~*~tactically~*~*~ (stealth).
  1447 | D:2      | 1447 ||| Stepping ~*~*~tactically~*~*~ (stealth).
  1467 | D:2      | 1467 ||| Stepping ~*~*~tactically~*~*~ (stealth).
  1628 | D:2      | Reached skill level 6 in Axes
  1628 | D:2      | Reached XP level 4. HP: 36/39 MP: 3/3
  1843 | D:2      | 1843 ||| Stepping ~*~*~tactically~*~*~ (hiding).
  2034 | D:2      | Reached *** piety under Trog
  2053 | D:2      | 2053 ||| READING 2 scrolls of enchant weapon.
  2053 | D:2      | 2053 ||| ENCHANTING +1 hand axe.
  2054 | D:2      | 2054 ||| READING scroll of enchant weapon.
  2054 | D:2      | 2054 ||| ENCHANTING +2 hand axe.
  2291 | D:2      | 2291 ||| UPGRADING to +0 pair of gloves.
  2296 | D:2      | 2296 ||| UPGRADING to +0 pair of boots.
  2301 | D:2      | 2301 ||| UPGRADING to +0 plate armour.
  2311 | D:2      | 2311 ||| DROPPING +0 chain mail.
  2312 | D:2      | 2312 ||| UPGRADING to +6 ring of strength.
  2313 | D:2      | 2313 ||| READING scroll labelled RIAPHU FESARI.
  2314 | D:2      | 2314 ||| DRINKING 2 sapphire potions.
  2315 | D:2      | 2315 ||| DRINKING 2 amethyst potions.
  2316 | D:2      | 2316 ||| READING 2 scrolls of identify.
  2316 | D:2      | 2316 ||| IDENTIFYING viscous pink potion
  2317 | D:2      | 2317 ||| DROPPING potion of brilliance.
  2318 | D:2      | 2318 ||| DROPPING potion of flight.
  2351 | D:3      | 2351 ||| INVOKING Berserk.
  2364 | D:3      | Reached XP level 5. HP: 45/45 MP: 4/4
  2407 | D:3      | 2407 ||| Stepping ~*~*~tactically~*~*~ (stealth).
  2421 | D:3      | Identified the +5 mace of Gluttony {venom, Contam Str+4
                  | Int+3}
  2423 | D:3      | 2423 ||| DROPPING +0 whip.
  2551 | D:3      | 2551 ||| Stepping ~*~*~tactically~*~*~ (hiding).
  2713 | D:3      | Identified the +6 quarterstaff of Xauddet {freeze, *Rage
                  | rC++ MP+9 Str-2}
  2777 | D:3      | Noticed a phantom
  2787 | D:3      | Killed a phantom
  2974 | D:3      | 2974 ||| READING scroll labelled YQOIHE UPLAP.
  2975 | D:3      | 2975 ||| DRINKING 2 fizzy red potions.
  2976 | D:3      | 2976 ||| Stepping randomly (stuck).
  2977 | D:3      | 2977 ||| Stepping ~*~*~tactically~*~*~ (cloud).
  3175 | D:4      | Noticed a black bear
  3177 | D:4      | 3177 ||| INVOKING Berserk.
  3180 | D:4      | Killed a black bear
  3181 | D:4      | Reached skill level 4 in Fighting
  3181 | D:4      | Reached XP level 6. HP: 55/55 MP: 5/5
  3185 | D:4      | 3185 ||| STAIRDANCE
  3295 | D:4      | Noticed Ijyb
  3297 | D:4      | 3297 ||| FLEEEEING.
  3298 | D:4      | 3298 ||| FLEEEEING.
  3299 | D:4      | 3299 ||| FLEEEEING.
  3300 | D:4      | 3300 ||| FLEEEEING.
  3303 | D:4      | 3303 ||| STAIRDANCE
  3493 | D:4      | 3493 ||| INVOKING Berserk.
  3496 | D:4      | Killed Ijyb
  3620 | D:4      | 3620 ||| DROPPING +1 whip of electrocution.
  3715 | D:4      | 3715 ||| INVOKING Berserk.
  3720 | D:4      | Reached XP level 7. HP: 60/60 MP: 6/6
  3866 | D:4      | Noticed Natasha
  3867 | D:4      | 3867 ||| Stepping ~*~*~tactically~*~*~ (hiding).
  3868 | D:4      | 3868 ||| Stepping ~*~*~tactically~*~*~ (hiding).
  3870 | D:4      | 3870 ||| INVOKING Berserk.
  3873 | D:4      | Killed Natasha
  3930 | D:4      | 3930 ||| Stepping ~*~*~tactically~*~*~ (stealth).
  3983 | D:4      | 3983 ||| INVOKING Berserk.
  4235 | D:4      | Noticed Natasha
  4238 | D:4      | 4238 ||| INVOKING Berserk.
  4240 | D:4      | Killed Natasha
  4241 | D:4      | Reached skill level 9 in Axes
  4354 | D:4      | Noticed a +0 short sword
  4355 | D:4      | Noticed a +0 dagger
  4355 | D:4      | Noticed a +0 dagger
  4356 | D:4      | Noticed a +0 falchion
  4356 | D:4      | Noticed a +0 spear
  4356 | D:4      | Noticed a +0 falchion
  4356 | D:4      | Noticed a +0 short sword
  4358 | D:4      | Found a hide-covered altar of Uskayaw.
  4358 | D:4      | Noticed a +0 spear
  4426 | D:4      | Reached skill level 5 in Fighting
  4556 | D:4      | 4556 ||| Stepping ~*~*~tactically~*~*~ (stealth).
  4567 | D:4      | 4567 ||| Stepping ~*~*~tactically~*~*~ (stealth).
  4577 | D:4      | 4577 ||| Stepping ~*~*~tactically~*~*~ (stealth).
  4579 | D:4      | 4579 ||| Stepping ~*~*~tactically~*~*~ (stealth).
  4581 | D:4      | 4581 ||| Stepping ~*~*~tactically~*~*~ (hiding).
  4785 | D:4      | Noticed Natasha
  4786 | D:4      | 4786 ||| Stepping ~*~*~tactically~*~*~ (hiding).
  4788 | D:4      | 4788 ||| INVOKING Berserk.
  4792 | D:4      | Killed Natasha
  4940 | D:4      | 4940 ||| UPGRADING to +0 cloak.
  4945 | D:4      | 4945 ||| UPGRADING to ring of protection from fire.
  4946 | D:4      | 4946 ||| READING scroll labelled HOMITE YFIKHA.
  4947 | D:4      | 4947 ||| READING scroll labelled LUPHUD VAERGH.
  4948 | D:4      | 4948 ||| DROPPING +5 mace of Gluttony {venom, Contam Str+4
                  | Int+3}.
  4949 | D:4      | 4949 ||| READING scroll labelled EDWU QIYHUILAF.
  5091 | D:4      | 5091 ||| DRINKING 2 bubbling orange potions.
  5091 | D:4      | Gained mutation: Your magical capacity is low. (-10% MP)
                  | [potion of mutation]
  5091 | D:4      | Gained mutation: You are frail. (-10% HP) [potion of
                  | mutation]
  5092 | D:4      | 5092 ||| DRINKING potion of mutation.
  5092 | D:4      | Lost mutation: You are frail. (-10% HP) [potion of
                  | mutation]
  5092 | D:4      | Lost mutation: Your magical capacity is low. (-10% MP)
                  | [potion of mutation]
  5092 | D:4      | Gained mutation: Armour fits poorly on your strangely
                  | shaped body. [potion of mutation]
  5092 | D:4      | Gained mutation: Your body sometimes deteriorates upon
                  | taking damage. [potion of mutation]
  5092 | D:4      | Gained mutation: You are somewhat resistant to further
                  | mutation. [potion of mutation]
  5142 | D:5      | Entered Level 5 of the Dungeon
  5144 | D:5      | 5144 ||| INVOKING Berserk.
  5359 | D:5      | 5359 ||| INVOKING Berserk.
  5362 | D:5      | Reached skill level 1 in Throwing
  5490 | D:5      | Found Kitu's Weapon Emporium.
  5529 | D:5      | 5529 ||| Stepping ~*~*~tactically~*~*~ (hiding).
  5530 | D:5      | 5530 ||| Stepping ~*~*~tactically~*~*~ (hiding).
  5536 | D:5      | Reached XP level 8. HP: 63/68 MP: 7/7
  5657 | D:5      | Found a sparkling altar of Nemelex Xobeh.
  5950 | D:5      | 5950 ||| READING scroll labelled WUAWONIKHLU.
  5998 | D:6      | 5998 ||| Stepping ~*~*~tactically~*~*~ (stealth).
  6004 | D:6      | Reached **** piety under Trog
  6005 | D:6      | Noticed Sigmund
  6006 | D:6      | 6006 ||| Stepping ~*~*~tactically~*~*~ (hiding).
  6011 | D:6      | 6011 ||| INVOKING Berserk.
  6016 | D:6      | Killed Sigmund
  6017 | D:6      | Reached skill level 6 in Fighting
  6024 | D:6      | 6024 ||| Stepping ~*~*~tactically~*~*~ (stealth).
  6028 | D:6      | 6028 ||| Stepping ~*~*~tactically~*~*~ (stealth).
  6029 | D:6      | 6029 ||| Stepping ~*~*~tactically~*~*~ (stealth).
  6031 | D:6      | 6031 ||| Stepping ~*~*~tactically~*~*~ (stealth).
  6032 | D:6      | 6032 ||| Stepping ~*~*~tactically~*~*~ (stealth).
  6249 | D:6      | 6249 ||| INVOKING Berserk.
  6402 | D:6      | 6402 ||| INVOKING Berserk.
  6736 | D:6      | Found an opulent altar of Gozag.
  6737 | D:6      | 6737 ||| FLEEEEING.
  6738 | D:6      | 6738 ||| FLEEEEING.
  6738 | D:6      | Found a sacrificial altar of Ru.
  6739 | D:6      | 6739 ||| FLEEEEING.
  6740 | D:6      | 6740 ||| FLEEEEING.
  6742 | D:6      | 6742 ||| INVOKING Berserk.
  6745 | D:6      | Reached skill level 6 in Armour
  7125 | D:6      | 7125 ||| INVOKING Berserk.
  7295 | D:6      | 7295 ||| Stepping ~*~*~tactically~*~*~ (hiding).
  7296 | D:6      | 7296 ||| INVOKING Berserk.
  7299 | D:6      | Reached XP level 9. HP: 78/78 MP: 8/8
  7300 | D:6      | Reached skill level 12 in Axes
  7303 | D:6      | 7303 ||| DRINKING 2 potions of curing.
  7303 | D:6      | 7303 ||| (to cure confusion)
  7442 | D:6      | Noticed Maggie
  7443 | D:6      | 7443 ||| Stepping ~*~*~tactically~*~*~ (hiding).
  7457 | D:6      | Killed Maggie
  7458 | D:6      | Reached skill level 8 in Fighting
  7632 | D:6      | Found a staircase to the Ecumenical Temple.
  7639 | D:6      | 7639 ||| DROPPING scarf of shadows.
  7672 | D:7      | 7672 ||| READING scroll of enchant weapon.
  7672 | D:7      | 7672 ||| ENCHANTING +3 hand axe of flaming.
  7677 | D:7      | Found Faoggeck's Weapon Boutique.
  7731 | D:7      | Noticed a manticore
  7734 | D:7      | 7734 ||| INVOKING Berserk.
  7737 | D:7      | Killed a manticore
  7738 | D:7      | Reached skill level 3 in Throwing
  7934 | D:7      | Noticed Joseph
  7935 | D:7      | 7935 ||| Stepping ~*~*~tactically~*~*~ (hiding).
  7936 | D:7      | 7936 ||| Stepping ~*~*~tactically~*~*~ (hiding).
  7948 | D:7      | Killed Joseph
  8159 | D:7      | Found a white marble altar of Elyvilon.
  8183 | D:7      | 8183 ||| INVOKING Berserk.
  8613 | D:7      | 8613 ||| Stepping ~*~*~tactically~*~*~ (hiding).
  8619 | D:7      | 8619 ||| Stepping ~*~*~tactically~*~*~ (stealth).
  8621 | D:7      | 8621 ||| INVOKING Berserk.
  8820 | D:7      | Reached skill level 3 in Dodging
  9160 | D:7      | 9160 ||| UPGRADING to ring of poison resistance.
  9162 | D:7      | 9162 ||| UPGRADING to +6 ring of strength.
  9164 | D:7      | 9164 ||| READING scroll labelled IHUWAG DASKUO.
  9265 | D:7      | 9265 ||| DRINKING 2 puce potions.
  9266 | D:7      | 9266 ||| READING 4 scrolls of identify.
  9266 | D:7      | 9266 ||| IDENTIFYING sedimented cyan potion
  9291 | D:8      | 9291 ||| Stepping ~*~*~tactically~*~*~ (stealth).
  9308 | D:8      | 9308 ||| Stepping ~*~*~tactically~*~*~ (hiding).
  9314 | D:8      | Reached XP level 10. HP: 58/88 MP: 9/9
  9327 | D:8      | 9327 ||| FLEEEEING.
  9328 | D:8      | 9328 ||| STAIRDANCE
  9500 | D:8      | 9500 ||| INVOKING Berserk.
  9962 | D:8      | Found a radiant altar of Vehumet.
  9963 | D:8      | Found a stormy altar of Qazlal.
  9963 | D:8      | Found a shadowy altar of Dithmenos.
  9983 | D:8      | Found a basalt altar of Yredelemnul.
  9983 | D:8      | Noticed Maurice
 10035 | D:8      | Noticed Erica
 10036 | D:8      | 10036 ||| INVOKING Berserk.
 10041 | D:8      | Killed Erica
 10085 | D:8      | 10085 ||| Stepping ~*~*~tactically~*~*~ (hiding).
 10097 | D:8      | Killed Maurice
 10117 | D:8      | 10117 ||| READING 3 scrolls of identify.
 10117 | D:8      | 10117 ||| IDENTIFYING sedimented sapphire potion
 10118 | D:8      | 10118 ||| DROPPING potion of invisibility.
 10148 | D:9      | 10148 ||| STAIRDANCE
 10152 | D:9      | 10152 ||| STAIRDANCE
 10291 | D:9      | 10291 ||| Stepping ~*~*~tactically~*~*~ (hiding).
 10295 | D:9      | 10295 ||| INVOKING Berserk.
 10520 | D:9      | 10520 ||| Stepping ~*~*~tactically~*~*~ (stealth).
 10594 | D:9      | 10594 ||| Stepping ~*~*~tactically~*~*~ (stealth).
 10818 | D:9      | Reached skill level 9 in Fighting
 10818 | D:9      | 10818 ||| Stepping ~*~*~tactically~*~*~ (stealth).
 10913 | D:9      | Found a staircase to the Lair.
 11004 | D:9      | Reached skill level 9 in Armour
 11028 | D:9      | 11028 ||| DRINKING 2 potions of mutation.
 11028 | D:9      | Lost mutation: You are somewhat resistant to further
                  | mutation. [potion of mutation]
 11028 | D:9      | Lost mutation: Your body sometimes deteriorates upon taking
                  | damage. [potion of mutation]
 11028 | D:9      | Gained mutation: Your spells are a little easier to cast,
                  | but a little less powerful. [potion of mutation]
 11028 | D:9      | Gained mutation: You are strong-willed. (Will+) [potion of
                  | mutation]
 11029 | D:9      | 11029 ||| DRINKING potion of mutation.
 11029 | D:9      | Lost mutation: Your spells are a little easier to cast, but
                  | a little less powerful. [potion of mutation]
 11029 | D:9      | Lost mutation: You are strong-willed. (Will+) [potion of
                  | mutation]
 11029 | D:9      | Lost mutation: Armour fits poorly on your strangely shaped
                  | body. [potion of mutation]
 11029 | D:9      | Gained mutation: Your flesh is cold resistant. (rC+)
                  | [potion of mutation]
 11029 | D:9      | Gained mutation: Your body sometimes deteriorates upon
                  | taking damage. [potion of mutation]
 11029 | D:9      | Gained mutation: Your muscles are strong. (Str +4, Int/Dex
                  | -1) [potion of mutation]
 11217 | D:9      | 11217 ||| PLANNING LAIR
 11291 | Lair:1   | Entered Level 1 of the Lair of Beasts
 11321 | Lair:1   | Found a glowing golden altar of the Shining One.
 11322 | Lair:1   | Noticed an oklob plant
 11328 | Lair:1   | 11328 ||| INVOKING Berserk.
 11335 | Lair:1   | Killed an oklob plant
 11470 | Lair:1   | Noticed an eight-headed hydra
 11474 | Lair:1   | 11474 ||| INVOKING Berserk.
 11476 | Lair:1   | Killed a six-headed hydra
 11477 | Lair:1   | Reached skill level 10 in Fighting
 11685 | Lair:1   | Found a runed translucent gate.
 11685 | Lair:1   | Found a runed translucent gate.
 11685 | Lair:1   | Found a runed translucent gate.
 11709 | Lair:1   | Noticed qw's ghost (journeyman MiBe)
 11746 | Lair:1   | Noticed a cane toad
 11748 | Lair:1   | 11748 ||| INVOKING Berserk.
 11750 | Lair:1   | Killed a cane toad
 11751 | Lair:1   | Reached XP level 11. HP: 101/101 MP: 10/10
 11943 | Lair:1   | 11943 ||| INVOKING Berserk.
 12238 | Lair:1   | 12238 ||| READING 2 scrolls of identify.
 12238 | Lair:1   | 12238 ||| IDENTIFYING smoky coppery potion
 12239 | Lair:1   | 12239 ||| DROPPING potion of ambrosia.
 12421 | Lair:2   | Identified the +5 dagger of the Conjuring Madman {vorpal,
                  | *Corrode rN+ Will+}
 12755 | Lair:2   | 12755 ||| INVOKING Berserk.
 12877 | Lair:2   | Noticed a seven-headed hydra
 12880 | Lair:2   | 12880 ||| INVOKING Berserk.
 12882 | Lair:2   | Killed a five-headed hydra
 12883 | Lair:2   | Reached skill level 11 in Fighting
 13082 | Lair:2   | 13082 ||| READING scroll of enchant weapon.
 13082 | Lair:2   | 13082 ||| ENCHANTING +4 hand axe of flaming.
 13199 | Lair:2   | 13199 ||| INVOKING Berserk.
 13355 | Lair:2   | 13355 ||| READING scroll of enchant weapon.
 13355 | Lair:2   | 13355 ||| ENCHANTING +5 hand axe of flaming.
 13444 | Lair:2   | 13444 ||| FLEEEEING.
 13445 | Lair:2   | 13445 ||| FLEEEEING.
 13448 | Lair:2   | 13448 ||| INVOKING Berserk.
 13682 | Lair:2   | 13682 ||| DROPPING orb of energy.
 13683 | Lair:2   | 13683 ||| READING 2 scrolls of identify.
 13683 | Lair:2   | 13683 ||| IDENTIFYING fuming yellow potion
 13684 | Lair:2   | 13684 ||| DROPPING potion of degeneration.
 13736 | Lair:3   | Noticed a boulder beetle
 13741 | Lair:3   | 13741 ||| INVOKING Berserk.
 13748 | Lair:3   | Killed a boulder beetle
 13749 | Lair:3   | Reached skill level 12 in Fighting
 13962 | Lair:3   | 13962 ||| INVOKING Berserk.
 14081 | Lair:3   | 14081 ||| READING 3 scrolls of brand weapon.
 14081 | Lair:3   | 14081 ||| BRANDING +6 hand axe of flaming.
 14082 | Lair:3   | 14082 ||| READING 2 scrolls of brand weapon.
 14082 | Lair:3   | 14082 ||| BRANDING +6 hand axe of venom.
 14083 | Lair:3   | 14083 ||| READING scroll of brand weapon.
 14083 | Lair:3   | 14083 ||| BRANDING +6 hand axe of protection.
 14085 | Lair:3   | Found a snail-covered altar of Cheibriados.
 14099 | Lair:3   | 14099 ||| INVOKING Berserk.
 14219 | Lair:3   | Found a staircase to the Snake Pit.
 14327 | Lair:3   | 14327 ||| INVOKING Berserk.
 14901 | Lair:3   | Found a staircase to the Shoals.
 15046 | Lair:3   | 15046 ||| DROPPING ring of magical power.
 15047 | Lair:3   | 15047 ||| READING scroll labelled KIUG LASHU.
 15047 | Lair:3   | Identified a scroll of acquirement
 15047 | Lair:3   | 15047 ||| ACQUIRING +1 cloak of Starlight {*Dazzle EV+4
                  | Stlth--}
 15047 | Lair:3   | Acquired the +1 cloak of Starlight {*Dazzle EV+4 Stlth--}
 15047 | Lair:3   | Found the +1 cloak of Starlight {*Dazzle EV+4 Stlth--}
 15049 | Lair:3   | 15049 ||| UPGRADING to +1 cloak of Starlight {*Dazzle EV+4
                  | Stlth--}.
 15059 | Lair:3   | 15059 ||| DROPPING +0 cloak.
 15086 | Lair:4   | 15086 ||| INVOKING Berserk.
 15093 | Lair:4   | 15093 ||| STAIRDANCE
 15271 | Lair:4   | 15271 ||| INVOKING Berserk.
 15448 | Lair:4   | 15448 ||| INVOKING Berserk.
 15558 | Lair:4   | 15558 ||| INVOKING Berserk.
 15671 | Lair:4   | Noticed a lindwurm
 15675 | Lair:4   | 15675 ||| INVOKING Berserk.
 15677 | Lair:4   | Killed a lindwurm
 15678 | Lair:4   | Reached skill level 13 in Fighting
 15687 | Lair:4   | Reached XP level 12. HP: 115/115 MP: 11/11
 15819 | Lair:4   | 15819 ||| INVOKING Berserk.
 16110 | Lair:4   | Noticed a death yak
 16111 | Lair:4   | Noticed a death yak
 16114 | Lair:4   | 16114 ||| INVOKING Berserk.
 16114 | Lair:4   | Noticed a death yak
 16119 | Lair:4   | Killed a death yak
 16120 | Lair:4   | Reached skill level 12 in Armour
 16124 | Lair:4   | Killed a death yak
 16131 | Lair:4   | Killed a death yak
 16132 | Lair:4   | Reached skill level 6 in Throwing
 16287 | Lair:4   | Noticed an eight-headed hydra
 16288 | Lair:4   | 16288 ||| Stepping ~*~*~tactically~*~*~ (stealth).
 16291 | Lair:4   | 16291 ||| Stepping ~*~*~tactically~*~*~ (stealth).
 16297 | Lair:4   | 16297 ||| SWAPPING to +0 mace.
 16298 | Lair:4   | 16298 ||| INVOKING Berserk.
 16301 | Lair:4   | Killed an eight-headed hydra
 16342 | Lair:4   | 16342 ||| SWAPPING to +6 vorpal hand axe.
 16461 | Lair:4   | 16461 ||| INVOKING Berserk.
 16473 | Lair:4   | 16473 ||| Stepping ~*~*~tactically~*~*~ (stealth).
 16475 | Lair:4   | Reached skill level 14 in Fighting
 16477 | Lair:4   | 16477 ||| Stepping ~*~*~tactically~*~*~ (stealth).
 16635 | Lair:4   | 16635 ||| Stepping ~*~*~tactically~*~*~ (stealth).
 16637 | Lair:4   | 16637 ||| Stepping ~*~*~tactically~*~*~ (stealth).
 16648 | Lair:4   | 16648 ||| INVOKING Berserk.
 16724 | Lair:4   | 16724 ||| Stepping ~*~*~tactically~*~*~ (stealth).
 16970 | Lair:4   | 16970 ||| UPGRADING to +3 plate armour.
 16980 | Lair:4   | 16980 ||| DROPPING +0 plate armour.
 16981 | Lair:4   | 16981 ||| READING scroll labelled YWIAZA UTETHRUD.
 16982 | Lair:4   | 16982 ||| DRINKING 2 silvery potions.
 16996 | Lair:5   | Entered Level 5 of the Lair of Beasts
 16999 | Lair:5   | 16999 ||| INVOKING Berserk.
 17001 | Lair:5   | Reached skill level 6 in Dodging
 17150 | Lair:5   | Noticed a four-headed hydra
 17153 | Lair:5   | 17153 ||| SWAPPING to +0 mace.
 17155 | Lair:5   | 17155 ||| INVOKING Berserk.
 17157 | Lair:5   | Killed a four-headed hydra
 17178 | Lair:5   | 17178 ||| SWAPPING to +6 vorpal hand axe.
 17301 | Lair:5   | 17301 ||| INVOKING Berserk.
 17321 | Lair:5   | Reached skill level 15 in Fighting
 17488 | Lair:5   | 17488 ||| INVOKING Berserk.
 17571 | Lair:5   | Reached XP level 13. HP: 121/126 MP: 12/12
 17663 | Lair:5   | 17663 ||| INVOKING Berserk.
 17822 | Lair:5   | 17822 ||| INVOKING Brothers in Arms.
 17823 | Lair:5   | 17823 ||| INVOKING Brothers in Arms.
 17824 | Lair:5   | 17824 ||| INVOKING Brothers in Arms.
 17826 | Lair:5   | 17826 ||| SWAPPING to +0 mace.
 17827 | Lair:5   | 17827 ||| INVOKING Berserk.
 17835 | Lair:5   | 17835 ||| SWAPPING to +6 vorpal hand axe.
 17974 | Lair:5   | 17974 ||| INVOKING Berserk.
 18109 | Lair:5   | Noticed Kirke
 18110 | Lair:5   | 18110 ||| INVOKING Trog's Hand.
 18113 | Lair:5   | 18113 ||| INVOKING Berserk.
 18119 | Lair:5   | Killed Kirke
 18120 | Lair:5   | Reached skill level 16 in Fighting
 18209 | Lair:5   | 18209 ||| INVOKING Berserk.
 18448 | Lair:5   | 18448 ||| INVOKING Berserk.
 18555 | Lair:5   | Identified the +1 trident of Bodily Harmony {vorpal, Will+
                  | Int+2 Stlth+}
 18847 | Lair:5   | 18847 ||| INVOKING Berserk.
 19029 | Lair:5   | 19029 ||| INVOKING Berserk.
 19138 | Lair:5   | Found a staircase to the Slime Pits.
 19264 | Lair:5   | 19264 ||| PLANNING D:1-11
 19264 | Lair:5   | 19264 ||| READING scroll labelled MYITTAAHUL.
 19265 | Lair:5   | 19265 ||| READING 2 scrolls of identify.
 19265 | Lair:5   | 19265 ||| IDENTIFYING black potion
 19266 | Lair:5   | 19266 ||| DROPPING potion of berserk rage.
 19448 | D:10     | Entered Level 10 of the Dungeon
 19449 | D:10     | Noticed Snorg
 19453 | D:10     | 19453 ||| INVOKING Berserk.
 19456 | D:10     | Killed Snorg
 20032 | D:10     | Found a runed translucent door.
 20033 | D:10     | 20033 ||| INVOKING Berserk.
 20295 | D:10     | 20295 ||| UPGRADING to amulet of regeneration.
 20350 | D:11     | Found Rajimiss's General Store.
 20539 | D:11     | Found Juel's Distillery.
 20552 | D:11     | 20552 ||| BUYING 2 potions of curing (108 gold).
 20552 | D:11     | Bought 2 potions of curing for 108 gold pieces
 20552 | D:11     | 20552 ||| BUYING potion of cancellation (144 gold).
 20552 | D:11     | Bought a potion of cancellation for 144 gold pieces
 20552 | D:11     | 20552 ||| BUYING potion of curing (54 gold).
 20552 | D:11     | Bought a potion of curing for 54 gold pieces
 20552 | D:11     | 20552 ||| BUYING potion of heal wounds (90 gold).
 20552 | D:11     | Bought a potion of heal wounds for 90 gold pieces
 20552 | D:11     | 20552 ||| BUYING potion of resistance (180 gold).
 20552 | D:11     | Bought a potion of resistance for 180 gold pieces
 20609 | D:11     | Found Oppimn's General Store.
 20612 | D:11     | 20612 ||| INVOKING Berserk.
 20750 | D:11     | 20750 ||| BUYING potion of resistance (180 gold).
 20750 | D:11     | Bought a potion of resistance for 180 gold pieces
 20795 | D:11     | 20795 ||| Stepping ~*~*~tactically~*~*~ (hiding).
 20796 | D:11     | 20796 ||| Stepping ~*~*~tactically~*~*~ (hiding).
 20797 | D:11     | 20797 ||| Stepping ~*~*~tactically~*~*~ (hiding).
 20825 | D:11     | 20825 ||| DROPPING +0 mace.
 20901 | D:11     | Found Uneo's Jewellery Shop.
 20910 | D:11     | 20910 ||| SHOPLISTING +4 ring of protection (540 gold, have
                  | 272).
 20910 | D:11     | 20910 ||| SHOPLISTING ring of ice (375 gold, have 272).
 20910 | D:11     | 20910 ||| SHOPLISTING ring of protection from fire (375
                  | gold, have 272).
 20910 | D:11     | 20910 ||| SWAPPING to +0 war axe.
 20911 | D:11     | 20911 ||| DROPPING +6 vorpal hand axe.
 21435 | D:11     | 21435 ||| PLANNING D
 21435 | D:11     | 21435 ||| DROPPING amulet of the acrobat.
 21518 | D:12     | 21518 ||| Stepping ~*~*~tactically~*~*~ (hiding).
 21524 | D:12     | Noticed Urug
 21531 | D:12     | 21531 ||| INVOKING Berserk.
 21536 | D:12     | Reached skill level 15 in Axes
 21544 | D:12     | Killed Urug
 21675 | D:12     | 21675 ||| READING scroll of brand weapon.
 21675 | D:12     | 21675 ||| BRANDING +0 war axe.
 21685 | D:12     | Found a staircase to the Orcish Mines.
 21777 | D:12     | 21777 ||| Stepping ~*~*~tactically~*~*~ (hiding).
 21783 | D:12     | 21783 ||| INVOKING Berserk.
 21973 | D:12     | 21973 ||| INVOKING Berserk.
 22531 | D:12     | 22531 ||| INVOKING Berserk.
 22741 | D:12     | 22741 ||| Stepping ~*~*~tactically~*~*~ (stealth).
 22742 | D:12     | 22742 ||| Stepping ~*~*~tactically~*~*~ (stealth).
 22744 | D:12     | 22744 ||| FLEEEEING.
 22745 | D:12     | 22745 ||| FLEEEEING.
 22746 | D:12     | 22746 ||| FLEEEEING.
 22747 | D:12     | 22747 ||| FLEEEEING.
 22748 | D:12     | 22748 ||| FLEEEEING.
 22749 | D:12     | 22749 ||| FLEEEEING.
 22750 | D:12     | 22750 ||| FLEEEEING.
 22755 | D:12     | 22755 ||| STAIRDANCE
 22791 | D:11     | 22791 ||| DROPPING ring of flight.
 22804 | D:12     | 22804 ||| Stepping ~*~*~tactically~*~*~ (stealth).
 22806 | D:12     | 22806 ||| Stepping ~*~*~tactically~*~*~ (stealth).
 22817 | D:12     | 22817 ||| INVOKING Berserk.
 22867 | D:12     | 22867 ||| Stepping ~*~*~tactically~*~*~ (stealth).
 22906 | D:12     | 22906 ||| INVOKING Trog's Hand.
 22907 | D:12     | 22907 ||| Stepping ~*~*~tactically~*~*~ (hiding).
 22908 | D:12     | 22908 ||| Stepping ~*~*~tactically~*~*~ (hiding).
 22909 | D:12     | 22909 ||| INVOKING Berserk.
 22921 | D:12     | Reached skill level 9 in Throwing
 23060 | D:12     | 23060 ||| DROPPING +1 whip of flaming.
 23130 | D:13     | 23130 ||| STAIRDANCE
 23137 | D:12     | Reached XP level 14. HP: 137/137 MP: 13/13
 23139 | D:13     | 23139 ||| STAIRDANCE
 23197 | D:12     | 23197 ||| UPGRADING to +0 kite shield.
 23205 | D:13     | 23205 ||| STAIRDANCE
 23222 | D:13     | 23222 ||| STAIRDANCE
 23241 | D:13     | Reached skill level 1 in Shields
 23260 | D:13     | 23260 ||| SWAPPING to +0 flail.
 23262 | D:13     | 23262 ||| SWAPPING to +0 war axe of protection.
 23287 | D:13     | 23287 ||| Stepping ~*~*~tactically~*~*~ (hiding).
 23421 | D:13     | Noticed Frances
 23426 | D:13     | 23426 ||| INVOKING Berserk.
 23431 | D:13     | Killed Frances
 23432 | D:13     | Reached skill level 3 in Shields
 23555 | D:13     | 23555 ||| DROPPING +0 flail.
 23614 | D:13     | 23614 ||| Stepping ~*~*~tactically~*~*~ (hiding).
 23675 | D:13     | Identified the +0 robe "Qeal" {rPois rF++ Int-3 SInv}
 23957 | D:13     | 23957 ||| READING 5 scrolls of identify.
 23957 | D:13     | 23957 ||| IDENTIFYING fuming red potion
 23958 | D:13     | 23958 ||| DROPPING potion of lignification.
 23967 | D:14     | Found a sparkling altar of Nemelex Xobeh.
 23975 | D:14     | 23975 ||| INVOKING Brothers in Arms.
 23976 | D:14     | 23976 ||| INVOKING Brothers in Arms.
 23977 | D:14     | 23977 ||| SWAPPING to +0 morningstar.
 23978 | D:14     | 23978 ||| INVOKING Berserk.
 23989 | D:14     | 23989 ||| SWAPPING to +0 war axe of protection.
 24012 | D:14     | Reached skill level 6 in Shields
 24062 | D:14     | Found a frozen archway.
 24104 | D:14     | Found a gate to the Vaults.
 24189 | D:14     | 24189 ||| SWAPPING to +0 broad axe.
 24190 | D:14     | 24190 ||| DROPPING +0 war axe of protection.
 24206 | D:14     | 24206 ||| Stepping ~*~*~tactically~*~*~ (stealth).
 24210 | D:14     | 24210 ||| Stepping ~*~*~tactically~*~*~ (stealth).
 24212 | D:14     | 24212 ||| Stepping ~*~*~tactically~*~*~ (stealth).
 24230 | D:14     | 24230 ||| Stepping ~*~*~tactically~*~*~ (hiding).
 24231 | D:14     | 24231 ||| INVOKING Berserk.
 24233 | D:14     | Reached skill level 9 in Shields
 24377 | D:14     | Identified the +4 flail of Zoex {drain, rC+ rCorr}
 24379 | D:14     | 24379 ||| DROPPING +4 flail of Zoex {drain, rC+ rCorr}.
 24562 | D:14     | 24562 ||| FLEEEEING.
 24563 | D:14     | 24563 ||| FLEEEEING.
 24564 | D:14     | 24564 ||| FLEEEEING.
 24565 | D:14     | 24565 ||| FLEEEEING.
 24566 | D:14     | 24566 ||| FLEEEEING.
 24567 | D:14     | 24567 ||| FLEEEEING.
 24568 | D:14     | 24568 ||| FLEEEEING.
 24569 | D:14     | 24569 ||| FLEEEEING.
 24570 | D:14     | 24570 ||| FLEEEEING.
 24571 | D:14     | 24571 ||| FLEEEEING.
 24628 | D:14     | 24628 ||| Stepping ~*~*~tactically~*~*~ (stealth).
 24807 | D:15     | Entered Level 15 of the Dungeon
 24809 | D:15     | 24809 ||| Stepping ~*~*~tactically~*~*~ (stealth).
 24817 | D:15     | 24817 ||| Stepping ~*~*~tactically~*~*~ (stealth).
 24822 | D:15     | 24822 ||| Stepping ~*~*~tactically~*~*~ (hiding).
 24823 | D:15     | 24823 ||| STAIRDANCE
 24842 | D:15     | 24842 ||| STAIRDANCE
 24856 | D:15     | 24856 ||| STAIRDANCE
 24863 | D:15     | 24863 ||| STAIRDANCE
 24888 | D:15     | 24888 ||| STAIRDANCE
 24898 | D:15     | 24898 ||| INVOKING Berserk.
 24904 | D:15     | 24904 ||| STAIRDANCE
 25018 | D:15     | 25018 ||| INVOKING Berserk.
 25183 | D:15     | Found a staircase to the Depths.
 25184 | D:15     | 25184 ||| Stepping ~*~*~tactically~*~*~ (hiding).
 25186 | D:15     | 25186 ||| Stepping ~*~*~tactically~*~*~ (hiding).
 25188 | D:15     | 25188 ||| Stepping ~*~*~tactically~*~*~ (hiding).
 25191 | D:15     | 25191 ||| Stepping ~*~*~tactically~*~*~ (hiding).
 25216 | D:15     | 25216 ||| INVOKING Berserk.
 25256 | D:15     | 25256 ||| FLEEEEING.
 25257 | D:15     | 25257 ||| FLEEEEING.
 25321 | D:15     | 25321 ||| Stepping ~*~*~tactically~*~*~ (hiding).
 25323 | D:15     | 25323 ||| Stepping ~*~*~tactically~*~*~ (hiding).
 25324 | D:15     | 25324 ||| Stepping ~*~*~tactically~*~*~ (hiding).
 25361 | D:15     | 25361 ||| FLEEEEING.
 25362 | D:15     | 25362 ||| FLEEEEING.
 25363 | D:15     | 25363 ||| FLEEEEING.
 25364 | D:15     | 25364 ||| FLEEEEING.
 25365 | D:15     | 25365 ||| FLEEEEING.
 25366 | D:15     | 25366 ||| FLEEEEING.
 25367 | D:15     | 25367 ||| FLEEEEING.
 25368 | D:15     | 25368 ||| FLEEEEING.
 25369 | D:15     | 25369 ||| FLEEEEING.
 25370 | D:15     | 25370 ||| FLEEEEING.
 25371 | D:15     | 25371 ||| FLEEEEING.
 25372 | D:15     | 25372 ||| FLEEEEING.
 25373 | D:15     | 25373 ||| FLEEEEING.
 25374 | D:15     | 25374 ||| FLEEEEING.
 25376 | D:15     | 25376 ||| FLEEEEING.
 25377 | D:15     | 25377 ||| FLEEEEING.
 25378 | D:15     | 25378 ||| FLEEEEING.
 25379 | D:15     | 25379 ||| FLEEEEING.
 25380 | D:15     | 25380 ||| STAIRDANCE
 25482 | D:14     | 25482 ||| READING scroll labelled OSTI MUIDDUE.
 25495 | D:15     | 25495 ||| Stepping ~*~*~tactically~*~*~ (hiding).
 25496 | D:15     | 25496 ||| INVOKING Trog's Hand.
 25553 | D:15     | Reached XP level 15. HP: 144/144 MP: 14/14
 25895 | D:15     | 25895 ||| Stepping ~*~*~tactically~*~*~ (stealth).
 25969 | D:15     | 25969 ||| Stepping ~*~*~tactically~*~*~ (stealth).
 26011 | D:15     | 26011 ||| PLANNING ORC
 26011 | D:15     | 26011 ||| READING 10 scrolls of identify.
 26011 | D:15     | 26011 ||| IDENTIFYING murky cyan potion
 26012 | D:15     | 26012 ||| DROPPING potion of magic.
 26093 | Orc:1    | Entered Level 1 of the Orcish Mines
 26163 | Orc:1    | Reached skill level 18 in Axes
 26165 | Orc:1    | Noticed an orc warlord
 26168 | Orc:1    | 26168 ||| INVOKING Berserk.
 26172 | Orc:1    | Killed an orc warlord
 26330 | Orc:2    | Entered Level 2 of the Orcish Mines
 26331 | Orc:2    | 26331 ||| STAIRDANCE
 26333 | Orc:1    | 26333 ||| INVOKING Berserk.
 26472 | Orc:2    | 26472 ||| Stepping ~*~*~tactically~*~*~ (hiding).
 26476 | Orc:2    | 26476 ||| INVOKING Trog's Hand.
 26478 | Orc:2    | 26478 ||| INVOKING Berserk.
 26612 | Orc:2    | 26612 ||| FLEEEEING.
 26613 | Orc:2    | 26613 ||| FLEEEEING.
 26635 | Orc:2    | 26635 ||| FLEEEEING.
 26657 | Orc:2    | 26657 ||| FLEEEEING.
 26658 | Orc:2    | 26658 ||| FLEEEEING.
 26659 | Orc:2    | 26659 ||| STAIRDANCE
 26666 | Orc:1    | Reached ***** piety under Trog
 26671 | Orc:1    | 26671 ||| DRINKING 16 potions of curing.
 26671 | Orc:1    | 26671 ||| (to cure confusion)
 26682 | Orc:1    | 26682 ||| INVOKING Berserk.
 26692 | Orc:1    | Reached skill level 12 in Shields
 26822 | Orc:1    | 26822 ||| Stepping ~*~*~tactically~*~*~ (stealth).
 26823 | Orc:1    | 26823 ||| Stepping ~*~*~tactically~*~*~ (stealth).
 26833 | Orc:1    | 26833 ||| Stepping ~*~*~tactically~*~*~ (stealth).
 26899 | Orc:1    | 26899 ||| Stepping ~*~*~tactically~*~*~ (stealth).
 26950 | Orc:1    | 26950 ||| INVOKING Berserk.
 26974 | Orc:1    | 26974 ||| DRINKING 15 potions of curing.
 26974 | Orc:1    | 26974 ||| (to cure confusion)
 27382 | Orc:2    | 27382 ||| STAIRDANCE
 27397 | Orc:2    | 27397 ||| STAIRDANCE
 27563 | Orc:2    | Found a staircase to the Elven Halls.
 27575 | Orc:2    | 27575 ||| Stepping ~*~*~tactically~*~*~ (stealth).
 27579 | Orc:2    | 27579 ||| INVOKING Trog's Hand.
 27582 | Orc:2    | 27582 ||| INVOKING Berserk.
 27603 | Orc:2    | 27603 ||| Stepping ~*~*~tactically~*~*~ (stealth).
 27622 | Orc:2    | 27622 ||| INVOKING Trog's Hand.
 27623 | Orc:2    | 27623 ||| INVOKING Brothers in Arms.
 27624 | Orc:2    | 27624 ||| INVOKING Berserk.
 27679 | Orc:2    | 27679 ||| Stepping ~*~*~tactically~*~*~ (stealth).
 27680 | Orc:2    | 27680 ||| Stepping ~*~*~tactically~*~*~ (stealth).
 27681 | Orc:2    | 27681 ||| Stepping ~*~*~tactically~*~*~ (stealth).
 27684 | Orc:2    | 27684 ||| Stepping ~*~*~tactically~*~*~ (stealth).
 27688 | Orc:2    | 27688 ||| Stepping ~*~*~tactically~*~*~ (stealth).
 27720 | Orc:2    | 27720 ||| Stepping ~*~*~tactically~*~*~ (stealth).
 27728 | Orc:2    | 27728 ||| Stepping ~*~*~tactically~*~*~ (stealth).
 27729 | Orc:2    | 27729 ||| Stepping ~*~*~tactically~*~*~ (stealth).
 27730 | Orc:2    | 27730 ||| Stepping ~*~*~tactically~*~*~ (stealth).
 27736 | Orc:2    | 27736 ||| Stepping ~*~*~tactically~*~*~ (stealth).
 27770 | Orc:2    | 27770 ||| FLEEEEING.
 27771 | Orc:2    | 27771 ||| FLEEEEING.
 27772 | Orc:2    | 27772 ||| FLEEEEING.
 27773 | Orc:2    | 27773 ||| FLEEEEING.
 27774 | Orc:2    | 27774 ||| FLEEEEING.
 27775 | Orc:2    | 27775 ||| FLEEEEING.
 27776 | Orc:2    | 27776 ||| FLEEEEING.
 27777 | Orc:2    | 27777 ||| FLEEEEING.
 27778 | Orc:2    | 27778 ||| FLEEEEING.
 27779 | Orc:2    | 27779 ||| FLEEEEING.
 27780 | Orc:2    | 27780 ||| FLEEEEING.
 27782 | Orc:2    | 27782 ||| FLEEEEING.
 27825 | Orc:2    | 27825 ||| INVOKING Trog's Hand.
 27828 | Orc:2    | 27828 ||| INVOKING Berserk.
 27849 | Orc:2    | 27849 ||| Stepping ~*~*~tactically~*~*~ (stealth).
 27919 | Orc:2    | Found Hinie's Book Shop.
 27919 | Orc:2    | Found Riforph's General Store.
 27919 | Orc:2    | Found Keghap's Jewellery Shoppe.
 27919 | Orc:2    | Found Jitu's Magic Scroll Shop.
 27923 | Orc:2    | 27923 ||| Stepping ~*~*~tactically~*~*~ (stealth).
 27937 | Orc:2    | Reached skill level 15 in Shields
 27943 | Orc:2    | 27943 ||| BUYING 2 potions of heal wounds (140 gold).
 27943 | Orc:2    | Bought 2 potions of heal wounds for 140 gold pieces
 27943 | Orc:2    | 27943 ||| BUYING scroll of identify (28 gold).
 27943 | Orc:2    | Bought a scroll of identify for 28 gold pieces
 27945 | Orc:2    | 27945 ||| BUYING 2 scrolls of enchant armour (255 gold).
 27945 | Orc:2    | Bought 2 scrolls of enchant armour for 255 gold pieces
 27945 | Orc:2    | 27945 ||| BUYING 2 scrolls of teleportation (102 gold).
 27945 | Orc:2    | Bought 2 scrolls of teleportation for 102 gold pieces
 27945 | Orc:2    | 27945 ||| BUYING scroll of enchant armour (127 gold).
 27945 | Orc:2    | Bought a scroll of enchant armour for 127 gold pieces
 27945 | Orc:2    | 27945 ||| BUYING scroll of teleportation (51 gold).
 27945 | Orc:2    | Bought a scroll of teleportation for 51 gold pieces
 27945 | Orc:2    | 27945 ||| READING 3 scrolls of enchant armour.
 27945 | Orc:2    | 27945 ||| ENCHANTING +0 pair of gloves.
 27946 | Orc:2    | 27946 ||| READING 2 scrolls of enchant armour.
 27946 | Orc:2    | 27946 ||| ENCHANTING +1 pair of gloves.
 27947 | Orc:2    | 27947 ||| READING scroll of enchant armour.
 27947 | Orc:2    | 27947 ||| ENCHANTING +0 pair of boots.
 27968 | Orc:2    | 27968 ||| Stepping ~*~*~tactically~*~*~ (stealth).
 28007 | Orc:2    | 28007 ||| INVOKING Trog's Hand.
 28010 | Orc:2    | 28010 ||| INVOKING Berserk.
 28118 | Orc:2    | Received a gift from Trog
 28119 | Orc:2    | Reached skill level 15 in Armour
 28132 | Orc:2    | 28132 ||| SWAPPING to +6 broad axe of flaming.
 28133 | Orc:2    | 28133 ||| DROPPING +0 morningstar.
 28134 | Orc:2    | 28134 ||| DROPPING +0 broad axe.
 28403 | Orc:2    | 28403 ||| PLANNING SHOALS:1-3
 28635 | Shoals:1 | Entered Level 1 of the Shoals
 28637 | Shoals:1 | 28637 ||| INVOKING Berserk.
 28918 | Shoals:1 | Found Kewneluh's Self-Improvement Boutique.
 29039 | Shoals:1 | 29039 ||| Stepping ~*~*~tactically~*~*~ (hiding).
 29044 | Shoals:1 | Reached ****** piety under Trog
 29045 | Shoals:1 | Reached skill level 17 in Fighting
 29160 | Shoals:1 | 29160 ||| INVOKING Trog's Hand.
 29161 | Shoals:1 | 29161 ||| INVOKING Brothers in Arms.
 29198 | Shoals:1 | 29198 ||| INVOKING Berserk.
 29208 | Abyss:2  | Cast into level 2 of the Abyss (merfolk impaler)
 29212 | Abyss:2  | 29212 ||| INVOKING Trog's Hand.
 29246 | Abyss:2  | Found a corrupted altar of Lugonu.
 29254 | Shoals:1 | Escaped the Abyss
 29255 | Shoals:1 | 29255 ||| INVOKING Berserk.
 29270 | Shoals:1 | 29270 ||| INVOKING Brothers in Arms.
 29415 | Shoals:2 | Reached XP level 16. HP: 155/155 MP: 15/15
 29418 | Shoals:2 | 29418 ||| Stepping ~*~*~tactically~*~*~ (hiding).
 29425 | Shoals:2 | 29425 ||| Stepping ~*~*~tactically~*~*~ (hiding).
 29440 | Shoals:2 | 29440 ||| INVOKING Brothers in Arms.
 29447 | Shoals:2 | 29447 ||| INVOKING Berserk.
 29566 | Shoals:2 | Noticed a kraken
 29571 | Shoals:2 | 29571 ||| Stepping ~*~*~tactically~*~*~ (water).
 29585 | Shoals:2 | 29585 ||| INVOKING Berserk.
 29700 | Shoals:2 | 29700 ||| INVOKING Berserk.
 29825 | Shoals:2 | Noticed Polyphemus
 29825 | Shoals:2 | 29825 ||| INVOKING Brothers in Arms.
 29832 | Shoals:2 | 29832 ||| INVOKING Berserk.
 29839 | Shoals:2 | Killed Polyphemus
 29991 | Shoals:2 | 29991 ||| INVOKING Berserk.
 30193 | Shoals:2 | 30193 ||| Stepping ~*~*~tactically~*~*~ (water).
 30225 | Shoals:2 | 30225 ||| INVOKING Berserk.
 30466 | Shoals:2 | 30466 ||| Stepping ~*~*~tactically~*~*~ (hiding).
 30576 | Shoals:2 | Killed a kraken
 30700 | Shoals:2 | 30700 ||| DROPPING ring of positive energy.
 30701 | Shoals:2 | 30701 ||| DROPPING ring of willpower.
 30702 | Shoals:2 | 30702 ||| UPGRADING to +4 ring of evasion.
 30739 | Shoals:3 | 30739 ||| PLANNING BAZAAR
 30795 | Shoals:3 | 30795 ||| Stepping ~*~*~tactically~*~*~ (hiding).
 30819 | Shoals:3 | Received a gift from Trog
 30989 | Shoals:3 | 30989 ||| Stepping ~*~*~tactically~*~*~ (hiding).
 30993 | Shoals:3 | 30993 ||| INVOKING Trog's Hand.
 31021 | Shoals:3 | 31021 ||| Stepping ~*~*~tactically~*~*~ (hiding).
 31036 | Shoals:3 | Reached skill level 18 in Fighting
 31039 | Shoals:3 | 31039 ||| INVOKING Berserk.
 31046 | Shoals:3 | 31046 ||| INVOKING Brothers in Arms.
 31187 | Shoals:3 | Found a flickering gateway to a bazaar.
 31197 | Bazaar   | Entered a bazaar
 31198 | Bazaar   | Found Oskiw's Weapon Shop.
 31205 | Bazaar   | Found Iqaczidi's Assorted Antiques.
 31213 | Bazaar   | Found Zoaklun's Distillery.
 31214 | Bazaar   | 31214 ||| BUYING pair of glowing boots (255 gold).
 31214 | Bazaar   | Bought a pair of glowing boots for 255 gold pieces
 31214 | Bazaar   | 31214 ||| BUYING potion of might (136 gold).
 31214 | Bazaar   | Bought a potion of might for 136 gold pieces
 31214 | Bazaar   | 31214 ||| BUYING potion of mutation (272 gold).
 31214 | Bazaar   | Bought a potion of mutation for 272 gold pieces
 31214 | Bazaar   | 31214 ||| BUYING scroll of enchant armour (255 gold).
 31214 | Bazaar   | Bought a scroll of enchant armour for 255 gold pieces
 31214 | Bazaar   | 31214 ||| READING scroll of enchant armour.
 31214 | Bazaar   | 31214 ||| ENCHANTING +1 pair of boots.
 31223 | Bazaar   | 31223 ||| BUYING potion of curing (30 gold).
 31223 | Bazaar   | Bought a potion of curing for 30 gold pieces
 31223 | Bazaar   | 31223 ||| BUYING potion of curing (30 gold).
 31223 | Bazaar   | Bought a potion of curing for 30 gold pieces
 31223 | Bazaar   | 31223 ||| BUYING potion of heal wounds (50 gold).
 31223 | Bazaar   | Bought a potion of heal wounds for 50 gold pieces
 31228 | Bazaar   | Found Imaruq's Antique Weapon Boutique.
 31233 | Bazaar   | Found Vihy's Armour Shoppe.
 31242 | Bazaar   | 31242 ||| DROPPING +1 pair of boots of rampaging.
 31257 | Shoals:3 | 31257 ||| PLANNING SHOALS:1-3
 31395 | Shoals:3 | 31395 ||| INVOKING Berserk.
 31582 | Shoals:3 | 31582 ||| Stepping ~*~*~tactically~*~*~ (hiding).
 31737 | Shoals:3 | 31737 ||| PLANNING SNAKE:1-3
 31843 | Snake:1  | Entered Level 1 of the Snake Pit
 31848 | Snake:1  | 31848 ||| READING scroll of enchant weapon.
 31848 | Snake:1  | 31848 ||| ENCHANTING +6 broad axe of flaming.
 31881 | Snake:1  | 31881 ||| Stepping ~*~*~tactically~*~*~ (hiding).
 31883 | Snake:1  | 31883 ||| Stepping ~*~*~tactically~*~*~ (hiding).
 31897 | Snake:1  | 31897 ||| INVOKING Berserk.
 32046 | Snake:1  | Found a bloodstained altar of Trog.
 32089 | Snake:1  | 32089 ||| Stepping ~*~*~tactically~*~*~ (hiding).
 32116 | Snake:1  | 32116 ||| Stepping ~*~*~tactically~*~*~ (stealth).
 32118 | Snake:1  | 32118 ||| Stepping ~*~*~tactically~*~*~ (hiding).
 32125 | Snake:1  | 32125 ||| INVOKING Berserk.
 32325 | Snake:1  | Identified the +7 spear of Zimer {freeze, rN+ Str+5 Int-4}
 32762 | Snake:1  | You fall into a shaft and drop 1 floor!
 32796 | Snake:2  | 32796 ||| Stepping ~*~*~tactically~*~*~ (hiding).
 32829 | Snake:2  | 32829 ||| UPGRADING to +0 tower shield.
 32839 | Snake:2  | 32839 ||| DROPPING +0 kite shield.
 33124 | Snake:2  | 33124 ||| STAIRDANCE
 33140 | Snake:2  | 33140 ||| INVOKING Berserk.
 33261 | Snake:2  | 33261 ||| Stepping ~*~*~tactically~*~*~ (hiding).
 33263 | Snake:2  | 33263 ||| Stepping ~*~*~tactically~*~*~ (hiding).
 33265 | Snake:2  | 33265 ||| Stepping ~*~*~tactically~*~*~ (hiding).
 33330 | Snake:2  | 33330 ||| INVOKING Berserk.
 33334 | Snake:2  | Reached XP level 17. HP: 166/166 MP: 16/16
 33477 | Snake:2  | 33477 ||| Stepping ~*~*~tactically~*~*~ (hiding).
 33478 | Snake:2  | 33478 ||| Stepping ~*~*~tactically~*~*~ (hiding).
 33523 | Snake:2  | 33523 ||| Stepping ~*~*~tactically~*~*~ (stealth).
 33571 | Snake:2  | Identified the +2 rapier "Killer Bee's Bane" {flame, rN++}
 33767 | Snake:3  | 33767 ||| Stepping ~*~*~tactically~*~*~ (hiding).
 33778 | Snake:3  | 33778 ||| INVOKING Berserk.
 33830 | Snake:3  | Found Gaigiwk's Antique Weapon Emporium.
 33836 | Snake:3  | 33836 ||| BUYING glowing broad axe (231 gold).
 33836 | Snake:3  | Bought a glowing broad axe for 231 gold pieces
 33836 | Snake:3  | 33836 ||| DROPPING +3 broad axe.
 33853 | Snake:3  | Found Waoph's Antique Weapon Emporium.
 33855 | Snake:3  | Found Nir Saiblo's Antique Weapon Shoppe.
 33881 | Snake:3  | 33881 ||| Stepping ~*~*~tactically~*~*~ (stealth).
 33886 | Snake:3  | 33886 ||| Stepping ~*~*~tactically~*~*~ (hiding).
 33901 | Snake:3  | 33901 ||| Stepping ~*~*~tactically~*~*~ (stealth).
 33903 | Snake:3  | 33903 ||| Stepping ~*~*~tactically~*~*~ (stealth).
 33921 | Snake:3  | 33921 ||| Stepping ~*~*~tactically~*~*~ (stealth).
 33946 | Snake:3  | 33946 ||| Stepping ~*~*~tactically~*~*~ (stealth).
 33977 | Snake:3  | Received a gift from Trog
 34043 | Snake:3  | 34043 ||| INVOKING Berserk.
 34055 | Snake:3  | Reached skill level 18 in Shields
 34062 | Snake:3  | 34062 ||| INVOKING Brothers in Arms.
 34363 | Snake:3  | 34363 ||| Stepping ~*~*~tactically~*~*~ (hiding).
 34528 | Snake:3  | 34528 ||| PLANNING SHOALS:4
 34528 | Snake:3  | 34528 ||| DROPPING ring of ice.
 34529 | Snake:3  | 34529 ||| READING 17 scrolls of identify.
 34529 | Snake:3  | 34529 ||| IDENTIFYING coppery potion
 34530 | Snake:3  | 34530 ||| DROPPING potion of attraction.
 34668 | Shoals:4 | Entered Level 4 of the Shoals
 34671 | Shoals:4 | 34671 ||| INVOKING Berserk.
 34680 | Shoals:4 | 34680 ||| FLEEEEING.
 34681 | Shoals:4 | 34681 ||| STAIRDANCE
 34799 | Shoals:4 | Paralysed by an air elemental for 1 turns
 34915 | Shoals:4 | 34915 ||| Stepping ~*~*~tactically~*~*~ (hiding).
 34917 | Shoals:4 | 34917 ||| Stepping ~*~*~tactically~*~*~ (hiding).
 34923 | Shoals:4 | 34923 ||| Stepping ~*~*~tactically~*~*~ (cloud).
 35026 | Shoals:4 | Paralysed by an air elemental for 1 turns
 35041 | Shoals:4 | 35041 ||| Stepping ~*~*~tactically~*~*~ (hiding).
 35042 | Shoals:4 | 35042 ||| INVOKING Brothers in Arms.
 35052 | Shoals:4 | 35052 ||| INVOKING Brothers in Arms.
 35053 | Shoals:4 | 35053 ||| INVOKING Berserk.
 35212 | Shoals:4 | 35212 ||| INVOKING Berserk.
 35248 | Shoals:4 | 35248 ||| INVOKING Brothers in Arms.
 35249 | Shoals:4 | 35249 ||| INVOKING Brothers in Arms.
 35251 | Shoals:4 | 35251 ||| INVOKING Trog's Hand.
 35352 | Shoals:4 | Found a blossoming altar of Fedhas.
 35369 | Shoals:4 | 35369 ||| Stepping ~*~*~tactically~*~*~ (hiding).
 35373 | Shoals:4 | 35373 ||| INVOKING Berserk.
 35493 | Shoals:4 | 35493 ||| INVOKING Berserk.
 35626 | Shoals:4 | 35626 ||| Stepping ~*~*~tactically~*~*~ (stealth).
 35627 | Shoals:4 | 35627 ||| Stepping ~*~*~tactically~*~*~ (stealth).
 35630 | Shoals:4 | 35630 ||| Stepping ~*~*~tactically~*~*~ (stealth).
 35632 | Shoals:4 | 35632 ||| Stepping ~*~*~tactically~*~*~ (hiding).
 35671 | Shoals:4 | 35671 ||| Stepping ~*~*~tactically~*~*~ (stealth).
 35672 | Shoals:4 | 35672 ||| Stepping ~*~*~tactically~*~*~ (hiding).
 35673 | Shoals:4 | 35673 ||| INVOKING Trog's Hand.
 35676 | Shoals:4 | 35676 ||| DRINKING 5 potions of resistance.
 35677 | Shoals:4 | 35677 ||| INVOKING Berserk.
 35692 | Shoals:4 | Identified the +5 ring mail of the Poles {rC+ Dex+4}
 35702 | Shoals:4 | 35702 ||| INVOKING Trog's Hand.
 35702 | Shoals:4 | HP: 36/166 [merfolk javelineer/javelin (13)]
 35703 | Shoals:4 | 35703 ||| READING 13 scrolls of teleportation.
 35704 | Shoals:4 | 35704 ||| DRINKING 16 potions of heal wounds.
 35705 | Shoals:4 | 35705 ||| DRINKING 15 potions of heal wounds.
 35836 | Shoals:4 | 35836 ||| INVOKING Berserk.
 35847 | Shoals:4 | 35847 ||| Stepping ~*~*~tactically~*~*~ (hiding).
 35863 | Shoals:4 | HP: 30/166 [merfolk impaler/+1 demon trident of
                  | electrocution (12)]
 35864 | Shoals:4 | 35864 ||| READING 12 scrolls of teleportation.
 35865 | Shoals:4 | 35865 ||| DRINKING 14 potions of heal wounds.
 35985 | Shoals:4 | 35985 ||| Stepping ~*~*~tactically~*~*~ (hiding).
 35986 | Shoals:4 | 35986 ||| Stepping ~*~*~tactically~*~*~ (hiding).
 35990 | Shoals:4 | 35990 ||| INVOKING Berserk.
 36019 | Shoals:4 | 36019 ||| Stepping ~*~*~tactically~*~*~ (stealth).
 36055 | Shoals:4 | Identified the +0 robe "Qyroute" {Harm Fly rElec rF++}
 36058 | Shoals:4 | 36058 ||| Stepping ~*~*~tactically~*~*~ (stealth).
 36059 | Shoals:4 | 36059 ||| Stepping ~*~*~tactically~*~*~ (stealth).
 36061 | Shoals:4 | 36061 ||| INVOKING Berserk.
 36071 | Shoals:4 | 36071 ||| Stepping ~*~*~tactically~*~*~ (hiding).
 36072 | Shoals:4 | 36072 ||| Stepping ~*~*~tactically~*~*~ (hiding).
 36084 | Shoals:4 | 36084 ||| Stepping ~*~*~tactically~*~*~ (stealth).
 36097 | Shoals:4 | 36097 ||| INVOKING Trog's Hand.
 36102 | Shoals:4 | 36102 ||| FLEEEEING.
 36106 | Shoals:4 | Got a barnacled rune of Zot
 36136 | Shoals:4 | 36136 ||| Stepping ~*~*~tactically~*~*~ (hiding).
 36138 | Shoals:4 | 36138 ||| INVOKING Berserk.
 36282 | Shoals:4 | Paralysed by an air elemental for 1 turns
 36283 | Shoals:4 | 36283 ||| INVOKING Berserk.
 36284 | Shoals:4 | Paralysed by an air elemental for 1 turns
 36585 | Shoals:4 | 36585 ||| Stepping ~*~*~tactically~*~*~ (hiding).
 36586 | Shoals:4 | 36586 ||| Stepping ~*~*~tactically~*~*~ (hiding).
 36637 | Shoals:4 | 36637 ||| PLANNING VAULTS:1-4
 36963 | Vaults:1 | Entered Level 1 of the Vaults
 37030 | Vaults:1 | Reached skill level 19 in Fighting
 37098 | Vaults:1 | 37098 ||| Stepping ~*~*~tactically~*~*~ (hiding).
 37108 | Vaults:1 | 37108 ||| INVOKING Trog's Hand.
 37128 | Vaults:1 | 37128 ||| INVOKING Trog's Hand.
 37267 | Vaults:1 | Identified the +9 long sword "Serphyps" {holy, Will+ Int+4}
 37284 | Vaults:1 | 37284 ||| READING scroll of enchant weapon.
 37284 | Vaults:1 | 37284 ||| ENCHANTING +7 broad axe of flaming.
 37343 | Vaults:1 | 37343 ||| INVOKING Trog's Hand.
 37369 | Vaults:1 | Reached skill level 18 in Armour
 37595 | Vaults:1 | 37595 ||| Stepping ~*~*~tactically~*~*~ (hiding).
 37679 | Vaults:1 | Reached XP level 18. HP: 152/176 MP: 17/17
 37881 | Vaults:1 | 37881 ||| INVOKING Trog's Hand.
 37889 | Vaults:1 | Reached skill level 9 in Dodging
 38104 | Vaults:1 | 38104 ||| DROPPING +6 ring of dexterity.
 38134 | Vaults:2 | 38134 ||| PLANNING DESOLATION
 38139 | Vaults:2 | 38139 ||| INVOKING Berserk.
 38163 | Vaults:2 | 38163 ||| INVOKING Trog's Hand.
 38334 | Vaults:2 | Noticed Bai Suzhen
 38338 | Vaults:2 | 38338 ||| INVOKING Berserk.
 38347 | Vaults:2 | Killed Bai Suzhen
 38470 | Vaults:2 | Noticed Sojobo
 38473 | Vaults:2 | 38473 ||| INVOKING Berserk.
 38486 | Vaults:2 | Killed Sojobo
 38487 | Vaults:2 | Reached skill level 20 in Fighting
 38630 | Vaults:2 | Found a crumbling gateway.
 38657 | Vaults:2 | 38657 ||| UPGRADING to +4 storm dragon scales {Bai Suzhen}.
 38667 | Vaults:2 | 38667 ||| DROPPING +3 plate armour.
 38674 | Desolati | Entered the Desolation of Salt
 38830 | Desolati | 38830 ||| INVOKING Brothers in Arms.
 38831 | Desolati | 38831 ||| INVOKING Brothers in Arms.
 38833 | Desolati | 38833 ||| INVOKING Brothers in Arms.
 38835 | Desolati | 38835 ||| INVOKING Berserk.
 39031 | Desolati | Identified the amulet of Mykkok {Spirit *Corrode rElec
                  | Will+}
 39039 | Desolati | Identified the ring "Galyh" {*Slow rElec rPois rN+}
 39092 | Desolati | Reached skill level 21 in Shields
 39160 | Desolati | 39160 ||| Stepping ~*~*~tactically~*~*~ (hiding).
 39177 | Desolati | 39177 ||| DRINKING 17 potions of curing.
 39177 | Desolati | 39177 ||| (to cure confusion)
 39248 | Desolati | Identified the ring "Kujixuh" {+Blink rC+ AC+4 Int-3
                  | Stlth+}
 39281 | Desolati | Identified the +2 robe "Ceemeucs" {Int+3}
 39291 | Desolati | 39291 ||| Stepping ~*~*~tactically~*~*~ (stealth).
 39294 | Desolati | 39294 ||| Stepping ~*~*~tactically~*~*~ (hiding).
 39312 | Desolati | 39312 ||| Stepping ~*~*~tactically~*~*~ (stealth).
 39517 | Desolati | 39517 ||| INVOKING Brothers in Arms.
 39518 | Desolati | 39518 ||| INVOKING Berserk.
 39640 | Desolati | Identified the +0 pair of boots of Vatoz {Drain *Slow
                  | +Blink rPois}
 39642 | Desolati | Identified the amulet "Dekaemm" {Faith Int+5}
 39840 | Desolati | Received a gift from Trog
 39860 | Desolati | 39860 ||| DROPPING amulet "Dekaemm" {Faith Int+5}.
 39861 | Desolati | 39861 ||| DROPPING +6 ring of strength.
 39894 | Vaults:2 | 39894 ||| PLANNING VAULTS:1-4
 39911 | Vaults:2 | 39911 ||| Stepping ~*~*~tactically~*~*~ (hiding).
 39920 | Vaults:2 | 39920 ||| Stepping ~*~*~tactically~*~*~ (hiding).
 39921 | Vaults:2 | 39921 ||| Stepping ~*~*~tactically~*~*~ (hiding).
 39939 | Vaults:2 | 39939 ||| Stepping ~*~*~tactically~*~*~ (stealth).
 39940 | Vaults:2 | 39940 ||| Stepping ~*~*~tactically~*~*~ (stealth).
 40062 | Vaults:2 | 40062 ||| INVOKING Trog's Hand.
 40069 | Vaults:2 | 40069 ||| INVOKING Brothers in Arms.
 40073 | Vaults:2 | 40073 ||| INVOKING Berserk.
 40075 | Vaults:2 | Reached skill level 21 in Fighting
 40083 | Vaults:2 | Reached XP level 19. HP: 189/189 MP: 18/18
 40256 | Vaults:2 | 40256 ||| Stepping ~*~*~tactically~*~*~ (hiding).
 40270 | Vaults:2 | 40270 ||| Stepping ~*~*~tactically~*~*~ (hiding).
 40271 | Vaults:2 | 40271 ||| Stepping ~*~*~tactically~*~*~ (hiding).
 40375 | Vaults:2 | Found a staircase to the Crypt.
 40376 | Vaults:2 | 40376 ||| Stepping ~*~*~tactically~*~*~ (hiding).
 40379 | Vaults:2 | 40379 ||| INVOKING Trog's Hand.
 40380 | Vaults:2 | 40380 ||| INVOKING Berserk.
 40382 | Vaults:2 | HP: 38/283 [??? (36)]
 40518 | Vaults:2 | 40518 ||| INVOKING Brothers in Arms.
 40519 | Vaults:2 | 40519 ||| INVOKING Berserk.
 40659 | Vaults:2 | 40659 ||| READING scroll of acquirement.
 40659 | Vaults:2 | 40659 ||| ACQUIRING ring "Midalos" {rF+ Str+3 Int+6}
 40659 | Vaults:2 | Acquired the ring "Midalos" {rF+ Str+3 Int+6}
 40661 | Vaults:2 | 40661 ||| DROPPING +4 ring of protection.
 40742 | Vaults:2 | 40742 ||| Stepping ~*~*~tactically~*~*~ (hiding).
 40754 | Vaults:2 | 40754 ||| Stepping ~*~*~tactically~*~*~ (stealth).
 41006 | Vaults:2 | 41006 ||| Stepping ~*~*~tactically~*~*~ (hiding).
 41008 | Vaults:2 | 41008 ||| Stepping ~*~*~tactically~*~*~ (hiding).
 41044 | Vaults:2 | Noticed Frederick
 41045 | Vaults:2 | 41045 ||| Stepping ~*~*~tactically~*~*~ (hiding).
 41050 | Vaults:2 | 41050 ||| INVOKING Berserk.
 41056 | Vaults:2 | Killed Frederick
 41320 | Vaults:2 | 41320 ||| UPGRADING to amulet of Mykkok {Spirit *Corrode
                  | rElec Will+}.
 41330 | Vaults:2 | 41330 ||| UPGRADING to ring "Midalos" {rF+ Str+3 Int+6}.
 41332 | Vaults:2 | 41332 ||| UPGRADING to +0 pair of boots of Vatoz {Drain
                  | *Slow +Blink rPois}.
 41342 | Vaults:2 | 41342 ||| UPGRADING to ring "Kujixuh" {+Blink rC+ AC+4
                  | Int-3 Stlth+}.
 41436 | Vaults:3 | Found Ycza Eco Cia's General Store.
 41447 | Vaults:3 | 41447 ||| Stepping ~*~*~tactically~*~*~ (hiding).
 41450 | Vaults:3 | 41450 ||| FLEEEEING.
 41451 | Vaults:3 | 41451 ||| FLEEEEING.
 41452 | Vaults:3 | 41452 ||| FLEEEEING.
 41453 | Vaults:3 | 41453 ||| FLEEEEING.
 41459 | Vaults:3 | 41459 ||| FLEEEEING.
 41460 | Vaults:3 | 41460 ||| FLEEEEING.
 41461 | Vaults:3 | 41461 ||| FLEEEEING.
 41466 | Vaults:3 | 41466 ||| FLEEEEING.
 41467 | Vaults:3 | 41467 ||| FLEEEEING.
 41468 | Vaults:3 | 41468 ||| FLEEEEING.
 41471 | Vaults:3 | 41471 ||| STAIRDANCE
 41562 | Vaults:3 | 41562 ||| BUYING potion of curing (51 gold).
 41562 | Vaults:3 | Bought a potion of curing for 51 gold pieces
 41583 | Vaults:3 | Reached skill level 22 in Fighting
 41673 | Vaults:3 | Noticed Mennas
 41674 | Vaults:3 | 41674 ||| INVOKING Brothers in Arms.
 41675 | Vaults:3 | 41675 ||| INVOKING Berserk.
 41696 | Vaults:3 | 41696 ||| DRINKING 17 potions of curing.
 41696 | Vaults:3 | 41696 ||| (to cure confusion)
 41711 | Vaults:3 | 41711 ||| DRINKING 16 potions of curing.
 41711 | Vaults:3 | 41711 ||| (to cure confusion)
 41716 | Vaults:3 | HP: 46/191 [Mennas/+5 eudemon blade of holy wrath (2)]
 41717 | Vaults:3 | 41717 ||| DRINKING 15 potions of heal wounds.
 41721 | Vaults:3 | 41721 ||| DRINKING 14 potions of heal wounds.
 41722 | Vaults:3 | HP: 40/191 [Mennas/+5 eudemon blade of holy wrath (9)]
 41723 | Vaults:3 | 41723 ||| DRINKING 13 potions of heal wounds.
 41726 | Vaults:3 | 41726 ||| READING 11 scrolls of teleportation.
 41727 | Vaults:3 | 41727 ||| DRINKING 12 potions of heal wounds.
 41727 | Vaults:3 | HP: 37/191 [Mennas/+5 eudemon blade of holy wrath (12)]
 41728 | Vaults:3 | 41728 ||| DRINKING 11 potions of heal wounds.
 41729 | Vaults:3 | 41729 ||| INVOKING Berserk.
 41874 | Vaults:3 | 41874 ||| INVOKING Trog's Hand.
 42237 | Vaults:3 | 42237 ||| Stepping ~*~*~tactically~*~*~ (hiding).
 42240 | Vaults:3 | 42240 ||| Stepping ~*~*~tactically~*~*~ (hiding).
 42276 | Vaults:3 | 42276 ||| INVOKING Trog's Hand.
 42290 | Vaults:3 | 42290 ||| INVOKING Berserk.
 42464 | Vaults:3 | 42464 ||| READING scroll of acquirement.
 42464 | Vaults:3 | 42464 ||| ACQUIRING amulet "Zeriz" {Reflect Str+2 SH+5}
 42464 | Vaults:3 | Acquired the amulet "Zeriz" {Reflect Str+2 SH+5}
 42466 | Vaults:3 | 42466 ||| UPGRADING to amulet "Zeriz" {Reflect Str+2 SH+5}.
 42480 | Vaults:3 | 42480 ||| INVOKING Brothers in Arms.
 42483 | Vaults:3 | 42483 ||| INVOKING Berserk.
 42576 | Vaults:3 | 42576 ||| Stepping ~*~*~tactically~*~*~ (stealth).
 42578 | Vaults:3 | 42578 ||| Stepping ~*~*~tactically~*~*~ (stealth).
 42613 | Vaults:3 | 42613 ||| INVOKING Trog's Hand.
 42670 | Vaults:3 | 42670 ||| INVOKING Berserk.
 42700 | Vaults:3 | HP: 33/191 [Mennas/+5 eudemon blade of holy wrath (25)]
 42701 | Vaults:3 | 42701 ||| DRINKING 11 potions of heal wounds.
 42704 | Vaults:3 | 42704 ||| DRINKING 10 potions of heal wounds.
 42706 | Vaults:3 | HP: 47/191 [Mennas/+5 eudemon blade of holy wrath (8)]
 42707 | Vaults:3 | 42707 ||| DRINKING 9 potions of heal wounds.
 42710 | Vaults:3 | 42710 ||| READING 10 scrolls of teleportation.
 42710 | Vaults:3 | Killed Mennas
 43213 | Vaults:3 | 43213 ||| INVOKING Trog's Hand.
 43381 | Vaults:3 | 43381 ||| DROPPING amulet of Mykkok {Spirit *Corrode rElec
                  | Will+}.
 43382 | Vaults:3 | 43382 ||| DROPPING amulet of regeneration.
 43426 | Vaults:4 | 43426 ||| PLANNING WIZLAB
 43429 | Vaults:4 | 43429 ||| Stepping ~*~*~tactically~*~*~ (hiding).
 43435 | Vaults:4 | 43435 ||| Stepping ~*~*~tactically~*~*~ (hiding).
 43436 | Vaults:4 | 43436 ||| Stepping ~*~*~tactically~*~*~ (hiding).
 43442 | Vaults:4 | 43442 ||| Stepping ~*~*~tactically~*~*~ (hiding).
 43443 | Vaults:4 | 43443 ||| Stepping ~*~*~tactically~*~*~ (hiding).
 43446 | Vaults:4 | 43446 ||| Stepping ~*~*~tactically~*~*~ (hiding).
 43795 | Vaults:4 | 43795 ||| Stepping ~*~*~tactically~*~*~ (stealth).
 43799 | Vaults:4 | 43799 ||| Stepping ~*~*~tactically~*~*~ (stealth).
 43863 | Vaults:4 | 43863 ||| Stepping ~*~*~tactically~*~*~ (hiding).
 43877 | Vaults:4 | 43877 ||| INVOKING Trog's Hand.
 43903 | Vaults:4 | 43903 ||| Stepping ~*~*~tactically~*~*~ (hiding).
 44087 | Vaults:4 | Received a gift from Trog
 44106 | Vaults:4 | 44106 ||| DROPPING +3 broad axe of flaming.
 44177 | Vaults:4 | 44177 ||| READING scroll of acquirement.
 44177 | Vaults:4 | 44177 ||| ACQUIRING ring of Etsauczu {rF+ rC+ MP+9}
 44177 | Vaults:4 | Acquired the ring of Etsauczu {rF+ rC+ MP+9}
 44179 | Vaults:4 | 44179 ||| DROPPING ring of protection from fire.
 44183 | Vaults:4 | 44183 ||| INVOKING Trog's Hand.
 44184 | Vaults:4 | 44184 ||| INVOKING Brothers in Arms.
 44185 | Vaults:4 | 44185 ||| INVOKING Berserk.
 44211 | Vaults:4 | 44211 ||| RIP WIZLAB
 44295 | Vaults:4 | 44295 ||| PLANNING VAULTS:1-4
 44454 | Vaults:4 | 44454 ||| INVOKING Trog's Hand.
 44583 | Vaults:4 | 44583 ||| Stepping ~*~*~tactically~*~*~ (stealth).
 44586 | Vaults:4 | 44586 ||| FLEEEEING.
 44587 | Vaults:4 | 44587 ||| FLEEEEING.
 44589 | Vaults:4 | 44589 ||| FLEEEEING.
 44590 | Vaults:4 | 44590 ||| FLEEEEING.
 44591 | Vaults:4 | 44591 ||| FLEEEEING.
 44592 | Vaults:4 | 44592 ||| FLEEEEING.
 44593 | Vaults:4 | 44593 ||| FLEEEEING.
 44594 | Vaults:4 | 44594 ||| FLEEEEING.
 44595 | Vaults:4 | 44595 ||| FLEEEEING.
 44596 | Vaults:4 | 44596 ||| FLEEEEING.
 44597 | Vaults:4 | 44597 ||| FLEEEEING.
 44598 | Vaults:4 | 44598 ||| FLEEEEING.
 44599 | Vaults:4 | 44599 ||| FLEEEEING.
 44600 | Vaults:4 | 44600 ||| FLEEEEING.
 44601 | Vaults:4 | 44601 ||| FLEEEEING.
 44602 | Vaults:4 | 44602 ||| FLEEEEING.
 44603 | Vaults:4 | 44603 ||| FLEEEEING.
 44604 | Vaults:4 | 44604 ||| FLEEEEING.
 44605 | Vaults:4 | 44605 ||| FLEEEEING.
 44606 | Vaults:4 | 44606 ||| FLEEEEING.
 44607 | Vaults:4 | 44607 ||| FLEEEEING.
 44608 | Vaults:4 | 44608 ||| FLEEEEING.
 44609 | Vaults:4 | 44609 ||| FLEEEEING.
 44610 | Vaults:4 | 44610 ||| FLEEEEING.
 44611 | Vaults:4 | 44611 ||| FLEEEEING.
 44612 | Vaults:4 | 44612 ||| FLEEEEING.
 44613 | Vaults:4 | 44613 ||| FLEEEEING.
 44615 | Vaults:4 | 44615 ||| FLEEEEING.
 44659 | Vaults:4 | 44659 ||| PLANNING SNAKE:4
 45077 | Snake:4  | Entered Level 4 of the Snake Pit
 45080 | Snake:4  | 45080 ||| Stepping ~*~*~tactically~*~*~ (hiding).
 45089 | Snake:4  | Reached XP level 20. HP: 185/202 MP: 19/19
 45169 | Snake:4  | 45169 ||| Stepping ~*~*~tactically~*~*~ (stealth).
 45172 | Snake:4  | 45172 ||| Stepping ~*~*~tactically~*~*~ (stealth).
 45174 | Snake:4  | 45174 ||| Stepping ~*~*~tactically~*~*~ (stealth).
 45177 | Snake:4  | 45177 ||| Stepping ~*~*~tactically~*~*~ (stealth).
 45185 | Snake:4  | 45185 ||| FLEEEEING.
 45186 | Snake:4  | 45186 ||| FLEEEEING.
 45188 | Snake:4  | 45188 ||| Stepping ~*~*~tactically~*~*~ (hiding).
 45193 | Snake:4  | 45193 ||| STAIRDANCE
 45218 | Snake:4  | 45218 ||| INVOKING Berserk.
 45289 | Snake:4  | 45289 ||| FLEEEEING.
 45298 | Snake:4  | 45298 ||| STAIRDANCE
 45566 | Snake:4  | 45566 ||| Stepping ~*~*~tactically~*~*~ (hiding).
 45576 | Snake:4  | 45576 ||| Stepping ~*~*~tactically~*~*~ (hiding).
 45578 | Snake:4  | 45578 ||| Stepping ~*~*~tactically~*~*~ (hiding).
 45585 | Snake:4  | Reached skill level 23 in Fighting
 45620 | Snake:4  | 45620 ||| Stepping ~*~*~tactically~*~*~ (stealth).
 45655 | Snake:4  | 45655 ||| Stepping ~*~*~tactically~*~*~ (hiding).
 45656 | Snake:4  | 45656 ||| Stepping ~*~*~tactically~*~*~ (hiding).
 45747 | Snake:4  | 45747 ||| Stepping ~*~*~tactically~*~*~ (stealth).
 45786 | Snake:4  | 45786 ||| FLEEEEING.
 45883 | Snake:4  | 45883 ||| Stepping ~*~*~tactically~*~*~ (hiding).
 45895 | Snake:4  | 45895 ||| READING scroll of enchant weapon.
 45895 | Snake:4  | 45895 ||| ENCHANTING +8 broad axe of flaming.
 45902 | Snake:4  | 45902 ||| Stepping ~*~*~tactically~*~*~ (hiding).
 45904 | Snake:4  | 45904 ||| Stepping ~*~*~tactically~*~*~ (hiding).
 45924 | Snake:4  | Reached skill level 12 in Dodging
 46098 | Snake:4  | 46098 ||| Stepping ~*~*~tactically~*~*~ (hiding).
 46389 | Snake:4  | 46389 ||| Stepping ~*~*~tactically~*~*~ (hiding).
 46412 | Snake:4  | 46412 ||| FLEEEEING.
 46413 | Snake:4  | 46413 ||| FLEEEEING.
 46414 | Snake:4  | 46414 ||| FLEEEEING.
 46415 | Snake:4  | 46415 ||| FLEEEEING.
 46416 | Snake:4  | 46416 ||| FLEEEEING.
 46417 | Snake:4  | 46417 ||| FLEEEEING.
 46418 | Snake:4  | 46418 ||| FLEEEEING.
 46419 | Snake:4  | 46419 ||| FLEEEEING.
 46420 | Snake:4  | 46420 ||| FLEEEEING.
 46421 | Snake:4  | 46421 ||| FLEEEEING.
 46422 | Snake:4  | 46422 ||| FLEEEEING.
 46423 | Snake:4  | 46423 ||| FLEEEEING.
 46424 | Snake:4  | 46424 ||| FLEEEEING.
 46425 | Snake:4  | 46425 ||| FLEEEEING.
 46426 | Snake:4  | 46426 ||| FLEEEEING.
 46428 | Snake:4  | 46428 ||| FLEEEEING.
 46429 | Snake:4  | 46429 ||| FLEEEEING.
 46430 | Snake:4  | 46430 ||| FLEEEEING.
 46431 | Snake:4  | 46431 ||| FLEEEEING.
 46432 | Snake:4  | 46432 ||| FLEEEEING.
 46433 | Snake:4  | 46433 ||| FLEEEEING.
 46611 | Snake:4  | 46611 ||| Stepping ~*~*~tactically~*~*~ (hiding).
 46733 | Snake:4  | 46733 ||| Stepping ~*~*~tactically~*~*~ (stealth).
 46899 | Snake:4  | 46899 ||| FLEEEEING.
 46910 | Snake:4  | Reached skill level 21 in Armour
 46984 | Snake:4  | 46984 ||| FLEEEEING.
 46985 | Snake:4  | 46985 ||| FLEEEEING.
 47074 | Snake:4  | 47074 ||| Stepping ~*~*~tactically~*~*~ (hiding).
 47186 | Snake:4  | Got a serpentine rune of Zot
 47373 | Snake:4  | 47373 ||| Stepping ~*~*~tactically~*~*~ (hiding).
 47374 | Snake:4  | Noticed Vashnia
 47388 | Snake:4  | Killed Vashnia
 47630 | Snake:4  | 47630 ||| PLANNING DEPTHS
 47630 | Snake:4  | 47630 ||| UPGRADING to +2 pair of boots.
 47640 | Snake:4  | 47640 ||| UPGRADING to +0 tower shield of cold resistance.
 47650 | Snake:4  | 47650 ||| DROPPING +0 tower shield.
 47651 | Snake:4  | 47651 ||| DROPPING +0 pair of boots of Vatoz {Drain *Slow
                  | +Blink rPois}.
 47652 | Snake:4  | 47652 ||| DROPPING ring "Galyh" {*Slow rElec rPois rN+}.
 47653 | Snake:4  | 47653 ||| DROPPING ring of poison resistance.
 47948 | Depths:1 | Entered Level 1 of the Depths
 47956 | Depths:1 | 47956 ||| INVOKING Brothers in Arms.
 47956 | Depths:1 | Paralysed by a floating eye for 3 turns
 47962 | Depths:1 | 47962 ||| INVOKING Berserk.
 48231 | Depths:1 | Found a gateway to Hell.
 48427 | Depths:1 | 48427 ||| READING 10 scrolls of teleportation.
 48459 | Depths:1 | 48459 ||| INVOKING Berserk.
 48474 | Depths:1 | Received a gift from Trog
 48480 | Depths:1 | 48480 ||| INVOKING Brothers in Arms.
 48487 | Depths:1 | 48487 ||| INVOKING Brothers in Arms.
 48801 | Depths:1 | 48801 ||| UPGRADING to +4 ring of evasion.
 48829 | Depths:2 | 48829 ||| STAIRDANCE
 48831 | Depths:1 | 48831 ||| INVOKING Brothers in Arms.
 48832 | Depths:1 | 48832 ||| INVOKING Berserk.
 48941 | Depths:2 | 48941 ||| STAIRDANCE
 48943 | Depths:1 | 48943 ||| INVOKING Berserk.
 48951 | Depths:1 | Reached skill level 24 in Fighting
 49060 | Depths:1 | 49060 ||| UPGRADING to ring "Kujixuh" {+Blink rC+ AC+4
                  | Int-3 Stlth+}.
 49072 | Depths:2 | 49072 ||| INVOKING Berserk.
 49099 | Depths:2 | HP: 47/206 [deep troll earth mage (14)]
 49100 | Depths:2 | 49100 ||| READING 9 scrolls of teleportation.
 49101 | Depths:2 | 49101 ||| DRINKING 8 potions of heal wounds.
 49102 | Depths:2 | 49102 ||| INVOKING Trog's Hand.
 49108 | Depths:2 | HP: 50/206 [stone giant (19)]
 49109 | Depths:2 | 49109 ||| READING 8 scrolls of teleportation.
 49112 | Depths:2 | 49112 ||| Stepping ~*~*~tactically~*~*~ (hiding).
 49120 | Depths:2 | HP: 47/206 [tengu warrior/+2 bardiche of venom (15)]
 49121 | Depths:2 | 49121 ||| READING 7 scrolls of teleportation.
 49122 | Depths:2 | 49122 ||| DRINKING 7 potions of heal wounds.
 49125 | Depths:2 | 49125 ||| DRINKING 6 potions of heal wounds.
 49138 | Depths:2 | 49138 ||| INVOKING Berserk.
 49171 | Depths:2 | 49171 ||| INVOKING Trog's Hand.
 49173 | Depths:2 | HP: 49/206 [disintegration (9)]
 49174 | Depths:2 | 49174 ||| READING 6 scrolls of teleportation.
 49174 | Depths:2 | HP: 4/206 [spriggan berserker/+1 antimagic flail (36)]
 49174 | Depths:2 | Slain by a lich

Levels and vault maps discovered:
D:1:      minmay_arrival_semitransparent, layout_loops_cross,
          shapermc_ecumenical_altar_starsandcircs
D:2:      layout_loops_corners, nicolae_eternal_life,
          chequers_serial_rivers_micro_a, minmay_crystal_room
D:3:      layout_rooms, serial_bayou_pond_d, chequers_serial_rivers_large_b
D:4:      layout_gridville, nicolae_uskayaw_en_pointe, uniq_ijyb, uniq_natasha
D:5:      layout_basic, mainiacjoe_overflow_paths, serial_shops, shop
D:6:      minmay_evil_eye, layout_rooms, nicolae_overflow_squiral,
          minmay_temple_entry_poolview, uniq_sigmund, uniq_maggie
D:7:      layout_basic, elyvilon_altar_3, serial_shops,
          nicolae_shop_bloodbath_and_beyond, uniq_joseph
D:8:      layout_rooms, nicolae_overflow_quartered_altars, small_statue_alley_b,
          uniq_erica, uniq_maurice
D:9:      layout_loops_ring, david_lair_shrubbed
D:10:     layout_loops_ring, minivault_13, uniq_snorg
D:11:     layout_loops_corners, serial_shops, shop, nicolae_shop_trees,
          nicolae_shop_temple_entry_statues_fountains,
          nicolae_shop_advertising_works [nicolae_subvault_shop_adworks]
D:12:     minmay_open_boxes_in_corner, layout_gridville, orc_0_dummy,
          minmay_fire_ice_demons, uniq_urug
D:13:     layout_cave_pools, serial_column_ruins, column_ruins_open_small,
          column_ruins_grid_2, column_ruins_columns_water, column_ruins_grid_3,
          uniq_frances
D:14:     layout_basic, lightli_vaults_fourway_checkpoint,
          minmay_misc_feat_cross, portal_ice_cave_entry_dragon,
          nemelex_xobeh_ov_fountains_minmay
D:15:     gammafunk_depths_entry_grave, layout_loops_cross, dk_noncrumbling_2
Lair:1:   layout_hall_layers, gammafunk_ghost_icy,
          chequers_serial_rivers_small_3, lemuel_oklob_altar, lemuel_fruit_tree,
          grunt_megastairs_4
Lair:2:   layout_cave_pods, serial_rivers, chequers_serial_rivers_micro_d,
          chequers_serial_rivers_large_a, chequers_serial_rivers_micro_b,
          chequers_serial_rivers_small_a, cheibrodos_lair_lostbears
Lair:3:   layout_gridlike, elwin_shoals_entry_rooms, dummy_snake_entry,
          basic_altar, st_stairs_13, serial_bayou_pond_c, columned_hall_lemuel,
          minivault_26
Lair:4:   layout_long_grid
Lair:5:   minmay_lair_end_frog_pond, layout_big_grid, dpeg_slime_entry_corner,
          uniq_kirke
Shoals:1: layout_shoals, nicolae_shop_self_help
Shoals:2: layout_shoals, uniq_polyphemus
Shoals:3: layout_shoals, serial_shops, bzr_entry_gold
Shoals:4: shoals_end_hellmonk_storm_palace [storm_palace_center_ruins,
          storm_palace_corner_altar, storm_palace_corner_grid,
          storm_palace_corner_grid, storm_palace_corner_pillars]
Snake:1:  layout_gridlike, basic_altar
Snake:2:  layout_rooms
Snake:3:  layout_rooms, serial_shops, nicolae_stop_n_shop_1, shop,
          nicolae_shop_stone
Snake:4:  grunt_snake_rune_spirals, layout_onion_interference, uniq_vashnia
Orc:1:    cheibrodos_orc_guarddog, layout_caves, guppyfry_orc_lava_fort
Orc:2:    st_orc_ogre_mass, layout_diamond_mine, minmay_orc_temple_b
Vaults:1: vaults_room_grid, vaults_room_fours, nicolae_vaults_little_squares_2,
          layout_vaults_omnigrid
Vaults:2: portal_desolation_entry_twin_temple, ontoclasm_vaults_fault,
          vaults_room_large_hall, st_cells, nicolae_vaults_little_squares_5,
          minmay_crypt_entry_simple_sparse, nicolae_vaults_three_branches,
          nicolae_vaults_what_the_h, grunt_vaults_hallway_short,
          nicolae_vaults_network_quinsquares
          [nicolae_vaults_network_quincunx_subvault,
          nicolae_vaults_network_quincunx_subvault,
          nicolae_vaults_network_quincunx_subvault,
          nicolae_vaults_network_quincunx_subvault], layout_vaults_omnicross,
          uniq_frederick, uniq_sojobo, uniq_bai_suzhen
Vaults:3: ontoclasm_vaults_ring_small, vaults_standard_mumra_x,
          nicolae_vaults_little_squares_5, nicolae_vaults_yaktaur_gun_rack,
          st_cross, vaults_room_hallway, nicolae_vaults_angled_halls,
          vaults_mumra_lcd, layout_vaults_ring, serial_shops,
          nicolae_shop_trees, uniq_mennas
Vaults:4: lightli_enter_wizlab_magi_temple, hangedman_vaults_variations,
          serial_ice_g, ontoclasm_vaults_eye, v_misc_3, v_alt_pattern_6,
          nicolae_vaults_little_squares_6, nicolae_vaults_border_crossing,
          vaults_dpeg_encased_lava, v_misc_25, layout_vaults_big_room
Depths:1: layout_cave_shapes, hell_entry, hangedman_decor_opposing,
          lemuel_flamethrower_2, grunt_megastairs_2
Depths:2: kennysheep_room_grid, layout_cave_shapes, enter_ziggurat_f, pan_entry,
          hangedman_tar_grid_catacomb, grunt_ministairs_12

Skill      XL: |  1  2  3  4  5  6  7  8  9 10 11 12 13 14 15 16 17 18 19 20 |
---------------+-------------------------------------------------------------+-----
Axes           | 4 5 6 7 8 10 11 13 14 16 17 18 | 18.0
Armour         | 4 5 6 7 9 11 13 14 15 17 18 19 20 21 | 21.6
Fighting       | 4 5 6 8 10 13 15 16 17 18 19 21 22 24 | 24.0
Throwing       | 1 3 4 5 7 9 10 11 | 11.0
Dodging        | 3 5 6 7 8 9 11 12 | 12.0
Shields        | 11 15 17 20 21 22 | 22.0

Action                   |  1- 3 |  4- 6 |  7- 9 | 10-12 | 13-15 | 16-18 | 19-21 || total
-------------------------+-------+-------+-------+-------+-------+-------+-------++-------
Melee: Hand axe          |   102 |    91 |   202 |   281 |   121 |       |       ||   797
       Headbutt          |     6 |    11 |    23 |    49 |   191 |   243 |   201 ||   724
       Punch             |     1 |       |       |     1 |     5 |       |       ||     7
       Unarmed           |       |       |     8 |       |       |       |       ||     8
       Mace              |       |       |       |     8 |     3 |       |       ||    11
       War axe           |       |       |       |       |   216 |       |       ||   216
       Broad axe         |       |       |       |       |   508 |  1121 |   807 ||  2436
       Morningstar       |       |       |       |       |     2 |       |       ||     2
Throw: Boomerang         |       |       |    19 |     7 |    32 |       |    21 ||    79
       Javelin           |       |       |    15 |   113 |   190 |   100 |    68 ||   486
Invok: Berserk           |       |     4 |    15 |    29 |    35 |    31 |    16 ||   130
       Trog's Hand       |       |       |       |       |    10 |    11 |    10 ||    31
       Brothers in Arms  |       |       |       |       |     5 |    10 |     8 ||    23
  Use: Scroll            |     5 |     5 |     7 |    10 |     9 |     6 |    11 ||    53
       Potion            |       |     3 |     4 |     3 |     2 |     5 |    13 ||    30
 Stab: Distracted        |       |       |       |     1 |       |       |     1 ||     2
       Invisible         |       |       |       |     1 |    18 |    22 |     6 ||    47
Armor: Animal skin       |     7 |       |       |       |       |       |       ||     7
       Chain mail        |     3 |    10 |       |       |       |       |       ||    13
       Plate armour      |       |    23 |    63 |    76 |   385 |   333 |       ||   880
       Skin              |       |       |     1 |       |       |       |       ||     1
       Storm dragon scal |       |       |       |       |       |    54 |   214 ||   268
Dodge: Dodged            |    46 |    29 |    55 |    93 |   411 |   549 |   226 ||  1409
Block: Kite shield       |       |       |       |       |   300 |   223 |       ||   523
       Tower shield      |       |       |       |       |       |   698 |   802 ||  1500
       Reflection        |       |       |       |       |       |       |   101 ||   101

Table legend:
 A = Non-vault XP
 B = Vault XP
 C = Vault XP percentage of total XP
 D = Non-vault monster count
 E = Vault monster count
 F = Vault count percentage of total count
                 A         B        C        D         E       F
            +---------+---------+-------+---------+---------+-------
      Total |  316453 |  263397 |  45.4 |     868 |     466 |  34.9
            +---------+---------+-------+---------+---------+-------
        D:1 |      55 |       0 |   0.0 |      30 |       0 |   0.0
        D:2 |      86 |       0 |   0.0 |      24 |       0 |   0.0
        D:3 |     182 |       0 |   0.0 |      17 |       0 |   0.0
        D:4 |     689 |      73 |   9.6 |      25 |       2 |   7.4
        D:5 |     461 |       0 |   0.0 |      20 |       0 |   0.0
        D:6 |     867 |    1005 |  53.7 |      19 |       7 |  26.9
        D:7 |    1306 |     455 |  25.8 |      19 |       1 |   5.0
        D:8 |     878 |    1275 |  59.2 |      22 |       2 |   8.3
        D:9 |    1419 |     389 |  21.5 |      21 |       1 |   4.5
       D:10 |    1121 |    1816 |  61.8 |       7 |       2 |  22.2
       D:11 |    3243 |       0 |   0.0 |      13 |       0 |   0.0
       D:12 |    7453 |    4591 |  38.1 |      17 |      11 |  39.3
       D:13 |    3431 |    1540 |  31.0 |      10 |       1 |   9.1
       D:14 |   12509 |    8171 |  39.5 |      20 |      13 |  39.4
       D:15 |   10248 |    4831 |  32.0 |      23 |       8 |  25.8
     Lair:1 |    1432 |     982 |  40.7 |       3 |       2 |  40.0
     Lair:2 |    2718 |    1229 |  31.1 |      12 |       4 |  25.0
     Lair:3 |    2349 |     539 |  18.7 |       8 |       2 |  20.0
     Lair:4 |   10461 |       0 |   0.0 |      31 |       0 |   0.0
     Lair:5 |    5151 |   14281 |  73.5 |      14 |      44 |  75.9
   Shoals:1 |   16053 |       0 |   0.0 |      34 |       0 |   0.0
   Shoals:2 |   18327 |    4817 |  20.8 |      36 |       5 |  12.2
   Shoals:3 |   18041 |       0 |   0.0 |      37 |       0 |   0.0
   Shoals:4 |   10793 |   24970 |  69.8 |      22 |      50 |  69.4
    Snake:1 |   14824 |       0 |   0.0 |      32 |       0 |   0.0
    Snake:2 |    9480 |       0 |   0.0 |      18 |       0 |   0.0
    Snake:3 |   13724 |       0 |   0.0 |      25 |       0 |   0.0
    Snake:4 |   25837 |   43232 |  62.6 |      54 |      52 |  49.1
      Orc:1 |    6324 |    5927 |  48.4 |      59 |      26 |  30.6
      Orc:2 |    2793 |   14837 |  84.2 |      32 |      52 |  61.9
   Vaults:1 |   26697 |     847 |   3.1 |      39 |       1 |   2.5
   Vaults:2 |   21929 |   41392 |  65.4 |      27 |      42 |  60.9
   Vaults:3 |   28709 |   13681 |  32.3 |      43 |      12 |  21.8
   Vaults:4 |    9246 |   19210 |  67.5 |      17 |      24 |  58.5
   Depths:1 |   17929 |    3327 |  15.7 |      26 |       4 |  13.3
   Depths:2 |    9688 |    7075 |  42.2 |      12 |       7 |  36.8
 Desolation |       0 |   42905 | 100.0 |       0 |      91 | 100.0
            +---------+---------+-------+---------+---------+-------
